Workbook

Sheet Summary
B2: SIRI
B3: Dashboard Summary
B4: $M, unless otherwise stated
B6: TRADING STATISTICS | I6: BASE CASE FINANCIALS / METRICS | M6: 2011 | N6: 2012 | O6: 2013 | P6: 2014 | Q6: 2015 | R6: 2016 | S6: 2017 | T6: 2018 | U6: 2019 | V6: 2020
B7: Share price ($) | G7: 4.24 | I7: Revenue | M7: 3014.524 | N7: 3402.04 | O7: 3799.095 | P7: 4181.095 | Q7: =Model!O115 -> 4570.041 | R7: =Model!T115 -> 5011.1795 | S7: =Model!U115 -> 5377.8574 | T7: =Model!V115 -> 5650.2237 | U7: =Model!W115 -> 5876.8656 | V7: =Model!X115 -> 6078.8476
B8: (adj. share price; less NOL's) | G8: =G7-Model!O213 -> 3.9485568 | I8: Consensus | R8: 4930 | S8: 5300
B9: Shares outstanding (M) | G9: =Model!Q153 -> 4988.247 | I9: Adj. EBITDA | M9: 731.018 | N9: 920.346 | O9: 1166.143 | P9: 1467.776 | Q9: =Model!O143 -> 1657.617 | R9: =Model!T143 -> 1852.9617 | S9: =Model!U143 -> 2070.2924 | T9: =Model!V143 -> 2080.525 | U9: =Model!W143 -> 2140.131 | V9: =Model!X143 -> 2163.5632
B10: Market cap | G10: =G7*G9 -> 21150.167 | I10: Consensus | R10: 1840 | S10: 2010
B11: Net debt | G11: =Model!Q241-Model!Q219 -> 5620.355 | I11: EPS ($) | M11: 0.01485126 | N11: 0.019358838 | O11: 0.043727834 | P11: 0.081697284 | Q11: =Model!O154 -> 0.093775057 | R11: =Model!T154 -> 0.14390406 | S11: =Model!U154 -> 0.17196074 | T11: =Model!V154 -> 0.20134932 | U11: =Model!W154 -> 0.38375825 | V11: =Model!X154 -> 0.43658321
B12: Minority interest | G12: 205 | I12: Consensus | R12: 0.15 | S12: 0.19
B13: Enterprise value | G13: =G10+G11-G12 -> 26565.522 | I13: FCF ($) | M13: 416.286 | N13: 744.701 | O13: 995.153 | P13: 1192.196 | Q13: =Model!O194 -> 1315.193 | R13: =Model!T194 -> 1421.6176 | S13: =Model!U194 -> 1507.7139 | T13: =Model!V194 -> 1457.5578 | U13: =Model!W194 -> 2072.8354 | V13: =Model!X194 -> 2012.0162
B14: Less: NPV of NOLs | G14: =Model!O212 -> 1584.042 | I14: Consensus | R14: 1354.1 | S14: 1490.7
B15: Adjusted enterprise value | G15: =G13-G14 -> 24981.48 | I15: Fully-Taxed FCF ($) | P15: =Model!J199 -> 805 | Q15: =Model!O199 -> 950.193 | R15: =Model!T199 -> 996.59786 | S15: =Model!U199 -> 1003.2957
B17: VALUATION (Adj. EV) | E17: Base | F17: Upside | G17: Downside | I17: Revenue growth | N17: =N7/M7-1 -> 0.12854965 | O17: =O7/N7-1 -> 0.11671086 | P17: =P7/O7-1 -> 0.10055026 | Q17: =Q7/P7-1 -> 0.093024913 | R17: =R7/Q7-1 -> 0.096528341 | S17: =S7/R7-1 -> 0.073171978 | T17: =T7/S7-1 -> 0.050645884 | U17: =U7/T7-1 -> 0.040112022 | V17: =V7/U7-1 -> 0.034368995
B18: EBITDA | E18: =S9 -> 2070.2924 | F18: =S34 -> 2188.2907 | G18: =S58 -> 1867.667 | I18: EBITDA margin | M18: =M9/M7 -> 0.24249865 | N18: =N9/N7 -> 0.27052768 | O18: =O9/O7 -> 0.30695284 | P18: =P9/P7 -> 0.35105062 | Q18: =Q9/Q7 -> 0.36271381 | R18: =R9/R7 -> 0.36976558 | S18: =S9/S7 -> 0.38496602 | T18: =T9/T7 -> 0.36821993 | ... V18: =V9/V7 -> 0.35591667
B19: EV/EBITDA | E19: 15 | F19: 15 | G19: 13 | I19: FCF growth | N19: =N13/M13-1 -> 0.78891675 | O19: =O13/N13-1 -> 0.33631216 | P19: =P13/O13-1 -> 0.19800272 | Q19: =Q13/P13-1 -> 0.10316844 | R19: =R13/Q13-1 -> 0.080919406 | S19: =S13/R13-1 -> 0.060562195 | T19: =T11/S11-1 -> 0.17090285 | U19: =U11/T11-1 -> 0.90593268 | V19: =V11/U11-1 -> 0.13765166
B20: EV | E20: =E18*E19 -> 31054.386 | F20: =F18*F19 -> 32824.36 | G20: =G18*G19 -> 24279.671 | T20: =T13/S13-1 -> -0.033266307 | U20: =U13/T13-1 -> 0.42212905 | V20: =V13/U13-1 -> -0.029341069
B21: Net debt | E21: =S28 -> 6152.1858 | F21: =S52 -> 7014.4047 | G21: =S76 -> 4364.6578 | I21: EV/EBITDA | P21: =$G$13/P9 -> 18.099167 | Q21: =$G$13/Q9 -> 16.026333 | R21: =$G$13/R9 -> 14.33679 | S21: =$G$13/S9 -> 12.831773
B22: NPV of NOL's | E22: =Model!U212 -> 907.24816 | F22: =E22 -> 907.24816 | G22: =F22 -> 907.24816 | I22: Adj. EV/EBITDA | P22: =$G$15/P9 -> 17.019954 | Q22: =$G$15/Q9 -> 15.070719 | R22: =$G$15/R9 -> 13.48192 | S22: =$G$15/S9 -> 12.066644 | T22: =$G$13/T9 -> 12.768663 | U22: =$G$13/U9 -> 12.413036 | V22: =$G$13/V9 -> 12.278598
B23: Minority interest | E23: =G12 -> 205 | F23: =E23 -> 205 | G23: =F23 -> 205 | I23: P/EPS | P23: =$G$7/P11 -> 51.89891 | Q23: =$G$7/Q11 -> 45.214582 | R23: =$G$7/R11 -> 29.464074 | S23: =$G$7/S11 -> 24.656791
B24: Equity Value | E24: =E20-E21-E23 -> 24697.2 | F24: =F20-F21-F23 -> 25604.956 | G24: =G20-G21-G23 -> 19710.013 | I24: FCF yield | P24: =P25/$G$7 -> 0.056368159 | Q24: =Q25/$G$7 -> 0.062183574 | R24: =R25/$G$7 -> 0.068425955 | S24: =S25/$G$7 -> 0.08081657 | T24: =$G$7/T11 -> 21.05793 | U24: =$G$7/U11 -> 11.048622 | V24: =$G$7/V11 -> 9.7117797
B25: TSO (M) | E25: =Drivers!F58 -> 4400 | F25: =Drivers!F59 -> 4200 | G25: =Drivers!F60 -> 4850 | I25: FCF/share ($) | P25: =P13/$G$9 -> 0.239001 | Q25: =Q13/$G$9 -> 0.26365836 | R25: =R13/Drivers!E58 -> 0.29012605 | S25: =S13/Drivers!F58 -> 0.34266225 | T25: =T13/$G$10 -> 0.06891472 | U25: =U13/$G$10 -> 0.098005625 | V25: =V13/$G$10 -> 0.095130035
B26: Implied price | E26: =E24/E25 -> 5.613 | F26: =F24/F25 -> 6.096418 | G26: =G24/G25 -> 4.0639202 | I26: Fully-Taxed FCF yield | P26: =P27/$G$8 -> 0.036122922 | Q26: =Q27/$G$8 -> 0.044275209 | R26: =R27/$G$8 -> 0.050935994 | S26: =S27/$G$8 -> 0.057748127 | T26: =T13/$G$9 -> 0.29219841 | U26: =U13/$G$9 -> 0.41554385 | V26: =V13/$G$9 -> 0.40335135
B27: Premium/(Discount) | E27: =E26/$G$7-1 -> 0.32382075 | F27: =F26/$G$7-1 -> 0.43783444 | G27: =G26/$G$7-1 -> -0.041528248 | I27: Fully-Taxed FCF/share ($) | P27: =Model!J200 -> 0.14263341 | Q27: =Model!O200 -> 0.17482318 | R27: =Model!T200 -> 0.20112367 | S27: =Model!U200 -> 0.22802176 | T27: =Model!V262 -> 6814.628 | U27: =Model!W262 -> 6861.7926 | V27: =Model!X262 -> 6969.7765
B28: Probability | E28: 0.5 | F28: 0.25 | G28: 0.25 | I28: Net debt | P28: =Model!J262 -> 4346.139 | Q28: =Model!O262 -> 5331.776 | R28: =Model!T262 -> 5333.2474 | S28: =Model!U262 -> 6152.1858 | T28: =T27/T9 -> 3.2754367 | U28: =U27/U9 -> 3.2062489 | V28: =V27/V9 -> 3.2214342
I29: Net debt / EBITDA | P29: =P28/P9 -> 2.961037 | Q29: =Q28/Q9 -> 3.2165307 | R29: =R28/R9 -> 2.8782287 | S29: =S28/S9 -> 2.9716507
B30: Weighted average price ($) | G30: =(E26*E28)+(F26*F28)+(G26*G28) -> 5.3465845
B31: Premium/(Discount) | G31: =G30/G7-1 -> 0.26098692 | I31: UPSIDE CASE FINANCIALS / METRICS | M31: 2011 | N31: 2012 | O31: 2013 | P31: 2014 | Q31: 2015 | R31: 2016 | S31: 2017 | T31: 2018 | U31: 2019 | V31: 2020
I32: Revenue | M32: 3014.524 | N32: 3402.04 | O32: 3799.095 | P32: 4181.095 | Q32: =IF(Drivers!$E$4=2,Model!O115,Q32) -> 4570.041 | R32: =IF(Drivers!$E$4=2,Model!T115,R32) -> 5011.1795 | S32: =IF(Drivers!$E$4=2,Model!U115,S32) -> 5455.218 | T32: =T7*(1+LTV!J13) -> 5736.8295 | U32: =U7*(1+LTV!K13) -> 6004.9961 | V32: =V7*(1+LTV!L13) -> 6250.5455
B33: VALUATION (SIRI FCF) | E33: Base | F33: Upside | G33: Downside | I33: Consensus | Q33: 4497.86 | R33: 4787.21 | S33: 5127.91
B34: FCF | E34: =S13 -> 1507.7139 | F34: =S38 -> 1596.036 | G34: =S62 -> 1385.7829 | I34: EBITDA | M34: 731.018 | N34: 920.346 | O34: 1166.143 | P34: 1467.776 | Q34: =IF(Drivers!$E$4=2,Model!O143,Q34) -> 1657.617 | R34: =IF(Drivers!$E$4=2,Model!T143,R34) -> 1866.9417 | S34: =IF(Drivers!$E$4=2,Model!U143,S34) -> 2188.2907 | T34: =T9*(1+LTV!J17) -> 2135.2511 | U34: =U9*(1+LTV!K17) -> 2218.1754 | V34: =V9*(1+LTV!L17) -> 2263.6647
B35: FCF Yield | E35: 0.07 | F35: 0.07 | G35: 0.075 | I35: Consensus | Q35: 1603.4 | R35: 1828.38 | S35: 1963
B36: Equity Value | E36: =E34/E35 -> 21538.77 | F36: =F34/F35 -> 22800.514 | G36: =G34/G35 -> 18477.105 | I36: EPS ($) | M36: 0.01485126 | N36: 0.019358838 | O36: 0.043727834 | P36: 0.081697284 | Q36: =IF(Drivers!$E$4=2,Model!O154,Q36) -> 0.093775057 | R36: =IF(Drivers!$E$4=2,Model!T154,R36) -> 0.14665732 | S36: =IF(Drivers!$E$4=2,Model!U154,S36) -> 0.19769616 | T36: =T11*(1+LTV!J25) -> 0.21107735 | U36: =U11*(1+LTV!K25) -> 0.39322136 | V36: =V11*(1+LTV!L25) -> 0.4381
B37: Add: NPV of NOL's | E37: =E22 -> 907.24816 | F37: =E37 -> 907.24816 | G37: =F37 -> 907.24816 | I37: Consensus | Q37: =Q12 -> 0 | R37: =R12 -> 0.15 | S37: =S12 -> 0.19
B38: Shares Outstanding | E38: =E25 -> 4400 | F38: =F25 -> 4200 | G38: =G25 -> 4850 | I38: FCF ($) | M38: 416.286 | N38: 744.701 | O38: 995.153 | P38: 1192.196 | Q38: =IF(Drivers!$E$4=2,Model!O194,Q38) -> 1315.193 | R38: =IF(Drivers!$E$4=2,Model!T194,R38) -> 1444.6176 | S38: =IF(Drivers!$E$4=2,Model!U194,S38) -> 1596.036 | T38: 1458.7497 | U38: 1051.4623 | V38: 1119.2372
B39: Implied Price | E39: =(E36+E37)/E38 -> 5.1013678 | F39: =(F36+F37)/F38 -> 5.6447052 | G39: =(G36+G37)/G38 -> 3.9967739 | I39: Consensus | Q39: =Q14 -> 0 | R39: =R14 -> 1354.1 | S39: =S14 -> 1490.7
B40: Premium/(Discount) | E40: =E39/$G$7-1 -> 0.20315279 | F40: =F39/$G$7-1 -> 0.33129839 | G40: =G39/$G$7-1 -> -0.057364651 | I40: Fully-Taxed FCF ($) | P40: =P15 -> 805 | Q40: =IF(Drivers!$E$4=2,Model!O199,Q40) -> 950.193 | R40: =IF(Drivers!$E$4=2,Model!T199,R40) -> 1010.3979 | S40: =IF(Drivers!$E$4=2,Model!U199,S40) -> 1042.4867
B41: Probability | E41: 0.5 | F41: 0.25 | G41: 0.25 | T41: =T32/S32-1 -> 0.051622409 | U41: =U32/T32-1 -> 0.046744749 | V41: =V32/U32-1 -> 0.040890836
I42: Revenue growth | N42: =N32/M32-1 -> 0.12854965 | O42: =O32/N32-1 -> 0.11671086 | P42: =P32/O32-1 -> 0.10055026 | Q42: =Q32/P32-1 -> 0.093024913 | R42: =R32/Q32-1 -> 0.096528341 | S42: =S32/R32-1 -> 0.088609581 | T42: =T34/T32 -> 0.37220055 | U42: =U34/U32 -> 0.36938831 | V42: =V34/V32 -> 0.36215475
B43: Weighted average price ($) | G43: =(E39*E41)+(F39*F41)+(G39*G41) -> 4.9610537 | I43: EBITDA margin | M43: 0.24249865 | N43: 0.27052768 | O43: 0.30695284 | P43: 0.35105062 | Q43: =Q34/Q32 -> 0.36271381 | R43: =R34/R32 -> 0.37255534 | S43: =S34/S32 -> 0.40113717 | T43: =T36/S36-1 -> 0.067685629 | U43: =U36/T36-1 -> 0.86292545 | V43: =V36/U36-1 -> 0.11413073
B44: Premium/(Discount) | G44: =G43/G7-1 -> 0.17005983 | I44: FCF growth | N44: 0.78891675 | O44: 0.33631216 | P44: 0.19800272 | Q44: =Q38/P38-1 -> 0.10316844 | R44: =R38/Q38-1 -> 0.098407334 | S44: =S38/R38-1 -> 0.1048155 | T44: =T38/S38-1 -> -0.086017031 | U44: =U38/T38-1 -> -0.27920303 | V44: =V38/U38-1 -> 0.064457675
B46: VALUATION (Fully-Taxed FCF) | E46: Base | F46: Upside | G46: Downside | I46: EV/EBITDA | P46: 17.770559 | Q46: =$G$13/Q34 -> 16.026333 | R46: =$G$13/R34 -> 14.229433 | S46: =$G$13/S34 -> 12.139851 | T46: =$G$13/T34 -> 12.441404 | U46: =$G$13/U34 -> 11.976295 | V46: =$G$13/V34 -> 11.735626
B47: FCF 2017 | E47: =S15 -> 1003.2957 | F47: =S40 -> 1042.4867 | G47: =S64 -> 953.57794 | I47: P/EPS | P47: 48.471624 | Q47: =$G$7/Q36 -> 45.214582 | R47: =$G$7/R36 -> 28.910934 | S47: =$G$7/S36 -> 21.447053 | T47: =$G$7/T36 -> 20.087423 | U47: =$G$7/U36 -> 10.782731 | V47: =$G$7/V36 -> 9.6781556
B48: FCF Yield | E48: 0.05 | F48: 0.05 | G48: 0.04 | I48: FCF yield | P48: 0.055038317 | Q48: =Q38/$G$10 -> 0.062183574 | R48: =R38/$G$10 -> 0.068302894 | S48: =S38/$G$10 -> 0.075462096 | T48: =T38/$G$10 -> 0.068971071 | U48: =U38/$G$10 -> 0.049714139 | V48: =V38/$G$10 -> 0.052918596
B49: Equity Value | E49: =E47/E48 -> 20065.915 | F49: =F47/F48 -> 20849.734 | G49: =G47/G48 -> 23839.448 | I49: FCF/share ($) | P49: 0.21795174 | Q49: =IF(Drivers!$E$4=2,Model!O195,Q49) -> 0.24197844 | R49: =IF(Drivers!$E$4=2,Model!T195,R49) -> 0.29147559 | S49: =IF(Drivers!$E$4=2,Model!U195,S49) -> 0.38000856 | T49: =T38/$G$9 -> 0.29243734 | U49: =U38/$G$9 -> 0.21078795 | V49: =V38/$G$9 -> 0.22437485
B50: Add: NPV of NOL's (2017) | E50: =E37 -> 907.24816 | F50: =F37 -> 907.24816 | G50: =G37 -> 907.24816 | I50: Fully-Taxed FCF yield | P50: =P26 -> 0.036122922 | Q50: =Q51/$G$8 -> 0.044275209 | R50: =R51/$G$8 -> 0.05163014 | S50: =S51/$G$8 -> 0.062861225 | T50: =T27 -> 6814.628 | U50: =U27 -> 6861.7926 | V50: =V27 -> 6969.7765
B51: Shares Outstanding | E51: =E38 -> 4400 | F51: =F38 -> 4200 | G51: =G38 -> 4850 | I51: Fully-Taxed FCF/share ($) | P51: =P27 -> 0.14263341 | Q51: =IF(Drivers!$E$4=2,Model!O200,Q51) -> 0.17482318 | R51: =IF(Drivers!$E$4=2,Model!T200,R51) -> 0.20386454 | S51: =IF(Drivers!$E$4=2,Model!U200,S51) -> 0.24821112 | T51: =T28 -> 3.2754367 | U51: =U28 -> 3.2062489 | V51: =V28 -> 3.2214342
B52: Implied Price | E52: =(E49+E50)/E51 -> 4.766628 | F52: =(F49+F50)/F51 -> 5.1802339 | G52: =(G49+G50)/G51 -> 5.1024117 | I52: Net debt | P52: 4346.139 | Q52: =IF(Drivers!$E$4=2,Model!O262,Q52) -> 5331.776 | R52: =IF(Drivers!$E$4=2,Model!T262,R52) -> 5310.2474 | S52: =IF(Drivers!$E$4=2,Model!U262,S52) -> 7014.4047
B53: Premium/(Discount) | E53: =E52/$G$7-1 -> 0.12420471 | F53: =F52/$G$7-1 -> 0.22175328 | G53: =G52/$G$7-1 -> 0.20339898 | I53: Net debt / EBITDA | P53: 2.961037 | Q53: =Q52/Q34 -> 3.2165307 | R53: =R52/R34 -> 2.8443563 | S53: =S52/S34 -> 3.2054264 | T53: 2018 | U53: 2019 | V53: 2020
B54: Probability | E54: 0.5 | F54: 0.25 | G54: 0.25 | T54: =T7*0.9 -> 5085.2014 | U54: =U7*0.9 -> 5289.1791 | V54: =V7*0.9 -> 5470.9628
I55: DOWNSIDE CASE FINANCIALS / METRICS | M55: 2011 | N55: 2012 | O55: 2013 | P55: 2014 | Q55: 2015 | R55: 2016 | S55: 2017
B56: Weighted average price ($) | G56: =(E52*E54)+(F52*F54)+(G52*G54) -> 4.9539754 | I56: Revenue | M56: 3014.524 | N56: 3402.04 | O56: 3799.095 | P56: 4181.095 | Q56: =IF(Drivers!$E$4=3,Model!O115,Q56) -> 4570.041 | R56: =IF(Drivers!$E$4=3,Model!T115,R56) -> 5011.1795 | S56: =IF(Drivers!$E$4=3,Model!U115,S56) -> 5167.5021 | T56: =T9*0.9 -> 1872.4725 | U56: =U9*0.9 -> 1926.1179 | V56: =V9*0.9 -> 1947.2069
B57: Premium/(Discount) | G57: =G56/G7-1 -> 0.16839042 | I57: Consensus | Q57: 4497.86 | R57: 4787.21 | S57: 5127.91
I58: EBITDA | M58: 731.018 | N58: 920.346 | O58: 1166.143 | P58: 1467.776 | Q58: =IF(Drivers!$E$4=3,Model!O143,Q58) -> 1657.617 | R58: =IF(Drivers!$E$4=3,Model!T143,R58) -> 1866.9417 | S58: =IF(Drivers!$E$4=3,Model!U143,S58) -> 1867.667 | T58: 0.21 | U58: 0.25 | V58: 0.28
I59: Consensus | Q59: 1603.4 | R59: 1828.38 | S59: 1963
I60: EPS ($) | M60: 0.01485126 | N60: 0.019358838 | O60: 0.043727834 | P60: 0.081697284 | Q60: =IF(Drivers!$E$4=3,Model!O154,Q60) -> 0.093775057 | R60: =IF(Drivers!$E$4=3,Model!T154,R60) -> 0.14665732 | S60: =IF(Drivers!$E$4=3,Model!U154,S60) -> 0.13367163 | T60: =T13*0.95 -> 1384.68 | U60: =U13*0.95 -> 1969.1936 | V60: =V13*0.95 -> 1911.4153
I61: Consensus | Q61: =Q36 -> 0.093775057 | R61: =R36 -> 0.14665732 | S61: =S36 -> 0.19769616
I62: FCF ($) | M62: 416.286 | N62: 744.701 | O62: 995.153 | P62: 1192.196 | Q62: =IF(Drivers!$E$4=3,Model!O194,Q62) -> 1315.193 | R62: =IF(Drivers!$E$4=3,Model!T194,R62) -> 1444.6176 | S62: =IF(Drivers!$E$4=3,Model!U194,S62) -> 1385.7829
I63: Consensus | Q63: =Q38 -> 1315.193 | R63: =R38 -> 1444.6176 | S63: =S38 -> 1596.036 | T63: =T54/S56-1 -> -0.015926596 | U63: =U54/T54-1 -> 0.040112022 | V63: =V54/U54-1 -> 0.034368995
I64: Fully-Taxed FCF ($) | P64: =P40 -> 805 | Q64: =IF(Drivers!$E$4=3,Model!O199,Q64) -> 950.193 | R64: =IF(Drivers!$E$4=3,Model!T199,R64) -> 1010.3979 | S64: =IF(Drivers!$E$4=3,Model!U199,S64) -> 953.57794
I66: Revenue growth | N66: =N56/M56-1 -> 0.12854965 | O66: =O56/N56-1 -> 0.11671086 | P66: =P56/O56-1 -> 0.10055026 | Q66: =Q56/P56-1 -> 0.093024913 | R66: =R56/Q56-1 -> 0.096528341 | S66: =S56/R56-1 -> 0.031194773
I67: EBITDA margin | M67: 0.24249865 | N67: 0.27052768 | O67: 0.30695284 | P67: 0.35105062 | Q67: 0.30035925 | R67: 0.33152967 | S67: 0.33439612
I68: FCF growth | N68: 0.78891675 | O68: 0.33631216 | P68: 0.19800272 | Q68: -0.094716816 | R68: 1.3284665 | S68: 0.13398817
I70: EV/EBITDA | P70: 17.770559 | Q70: 16.112875 | R70: 14.269753 | S70: 12.945107
I71: P/EPS | P71: 48.471624 | Q71: 35.876225 | R71: 22.688503 | S71: 17.068102
I72: FCF yield | P72: 0.055038317 | Q72: 0.060144406 | R72: 0.07404009 | S72: 0.08391316
I73: FCF/share ($) | P73: 0.21795174 | Q73: =IF(Drivers!$E$4=3,Model!O195,Q73) -> 0.24197844 | R73: =IF(Drivers!$E$4=3,Model!T195,R73) -> 0.29147559 | S73: =IF(Drivers!$E$4=3,Model!U195,S73) -> 0.28572843
I74: Fully-Taxed FCF yield | P74: =P50 -> 0.036122922 | Q74: =Q75/$G$8 -> 0.044275209 | R74: =R75/$G$8 -> 0.05163014 | S74: =S75/$G$8 -> 0.049793891
I75: Fully-Taxed FCF/share ($) | P75: =P51 -> 0.14263341 | Q75: =IF(Drivers!$E$4=3,Model!O200,Q75) -> 0.17482318 | R75: =IF(Drivers!$E$4=3,Model!T200,R75) -> 0.20386454 | S75: =IF(Drivers!$E$4=3,Model!U200,S75) -> 0.19661401
I76: Net debt | P76: 4346.139 | Q76: =IF(Drivers!$E$4=3,Model!O262,Q76) -> 5331.776 | R76: =IF(Drivers!$E$4=3,Model!T262,R76) -> 5310.2474 | S76: =IF(Drivers!$E$4=3,Model!U262,S76) -> 4364.6578
I77: Net debt / EBITDA | P77: 2.961037 | Q77: =Q76/Q58 -> 3.2165307 | R77: =R76/R58 -> 2.8443563 | S77: =S76/S58 -> 2.3369572

Sheet Model
B2: SIRI
B3: Model
B4: $M, unless otherwise stated | C4: 2011A | D4: 2012A | E4: 2013A | F4: 1Q14A | G4: 2Q14A | H4: 3Q14A | I4: 4Q14A | J4: 2014A | K4: 1Q15A | L4: 2Q15A | M4: 3Q15A | N4: 4Q15A | O4: 2015A | P4: 1Q16A | Q4: 2Q16A | R4: 3Q16A | S4: 4Q16E | T4: 2016E | U4: 2017E | V4: 2018E | W4: 2019E | X4: 2020E
A6: x | B6: 1. Segment Revenue Build
B8: Summary
B9: Total Subs - Beginning | C9: 20190.964 | D9: 21892.824 | E9: 23900.336 | F9: 25559.31 | G9: 25826.109 | H9: 26301.581 | I9: 26734.398 | J9: 25559.31 | K9: 27311.087 | L9: 27742 | M9: =L12 -> 28434 | N9: =M12 -> 28954 | O9: =J12 -> 27311.087 | P9: 29594 | Q9: =P12 -> 29931 | R9: =Q12 -> 30646 | S9: =R12 -> 31000 | T9: =O12 -> 29600 | U9: =T12 -> 31237.4 | V9: =U12 -> 32566.549 | W9: =V12 -> 33647.958 | X9: =W12 -> 34513.942
B10: Total Adds | C10: 8696.02 | D10: 9617.186 | E10: 10136.381 | F10: 2200.0105 | G10: 2549.6555 | H10: 2593.2041 | I10: 2683.4721 | J10: =SUM(F10:I10) -> 10026.342 | K10: 2516.5707 | L10: 2703.401 | M10: 2850 | N10: 2850 | O10: =SUM(K10:N10) -> 10919.972 | P10: 2799 | Q10: 2855.9 | R10: 2951.1 | S10: 3117.4 | T10: =SUM(P10:S10) -> 11723.4 | U10: =U53+U54+U21+U55 -> 10571.256 | V10: =V53+V54+V21+V55 -> 10674.928 | W10: =W53+W54+W21+W55 -> 10778.904 | X10: =X53+X54+X21+X55 -> 10882.745
B11: Total Disconnects | C11: -6994.16 | D11: -7609.674 | E11: -8477.407 | F11: -1933.2115 | G11: -2074.1835 | H11: -2160.3871 | I11: -2106.7831 | J11: =SUM(F11:I11) -> -8274.5652 | K11: -2085.6577 | L11: -2011.401 | M11: -2330 | N11: -2204 | O11: =SUM(K11:N11) -> -8631.0586 | P11: -2462 | Q11: -2489 | R11: -2534 | S11: -2601 | T11: =SUM(P11:S11) -> -10086 | U11: =U58+U78 -> -9242.1073 | V11: =V58+V78 -> -9593.5191 | W11: =W58+W78 -> -9912.9204 | X11: =X58+X78 -> -10207.93
B12: Total Subs - Ending | C12: 21892.824 | D12: 23900.336 | E12: 25559.31 | F12: =SUM(F9:F11) -> 25826.109 | G12: =SUM(G9:G11) -> 26301.581 | H12: =SUM(H9:H11) -> 26734.398 | I12: =SUM(I9:I11) -> 27311.087 | J12: 27311.087 | K12: =SUM(K9:K11) -> 27742 | L12: =SUM(L9:L11) -> 28434 | M12: =SUM(M9:M11) -> 28954 | N12: =SUM(N9:N11) -> 29600 | O12: =SUM(O9:O11) -> 29600 | P12: =SUM(P9:P11) -> 29931 | Q12: 30646 | R12: 31000 | S12: =SUM(S9:S11) -> 31516.4 | T12: =SUM(T9:T11) -> 31237.4 | U12: =SUM(U9:U11) -> 32566.549 | V12: =SUM(V9:V11) -> 33647.958 | W12: =SUM(W9:W11) -> 34513.942 | X12: =SUM(X9:X11) -> 35188.756
B13: Growth y/y % | D13: =D12/C12-1 -> 0.091697261 | E13: =E12/D12-1 -> 0.069412162 | F13: 0.060479996 | G13: 0.04916804 | H13: 0.045044525 | I13: 0.068537727 | J13: =J12/E12-1 -> 0.068537727 | K13: =K12/F12-1 -> 0.074184268 | L13: =L12/G12-1 -> 0.081075697 | M13: =M12/H12-1 -> 0.0830242 | N13: =N12/I12-1 -> 0.083808931 | O13: =O12/J12-1 -> 0.083808931 | P13: =P12/K12-1 -> 0.07890563 | Q13: =Q12/L12-1 -> 0.07779419 | ... T13: =T12/O12-1 -> 0.055317568 | U13: =U12/T12-1 -> 0.042549928 | V13: =V12/U12-1 -> 0.033206132 | W13: =W12/V12-1 -> 0.02573659 | X13: =X12/W12-1 -> 0.019551937
B14: Net Adds | D14: =D12-D9 -> 2007.512 | E14: =E12-E9 -> 1658.974 | F14: =F12-F9 -> 266.799 | G14: =G12-G9 -> 475.472 | H14: =H12-H9 -> 432.817 | I14: =I12-I9 -> 576.689 | J14: =J12-J9 -> 1751.777 | K14: =K12-K9 -> 430.913 | L14: =L12-L9 -> 692 | M14: 525 | N14: =N12-N9 -> 646 | O14: =O12-O9 -> 2288.913 | P14: 465 | Q14: 587 | R14: 345 | S14: =S12-S9 -> 516.4 | T14: =T12-T9 -> 1637.4 | U14: =U12-U9 -> 1329.1491 | V14: =V12-V9 -> 1081.4091 | W14: =W12-W9 -> 865.98369 | X14: =X12-X9 -> 674.81442
B17: OEM Subscribers
B19: Starting: OEM Subs | D19: 13710.284 | E19: 15544.743 | J19: 16645.842 | O19: =J24 -> 17606.331 | P19: =O24 -> 18718.818 | T19: =O24 -> 18718.818 | U19: =T24 -> 19935.926 | V19: =U24 -> 20761.747 | W19: =V24 -> 21267.505 | X19: =W24 -> 21508.205
B20: Unpaid Promo OEM Conversions to Pay | D20: 1336.9153 | E20: 1478.6311 | J20: 2177.2845 | O20: =J20*1.02 -> 2220.8302 | P20: =O20*1.001 -> 2223.0511 | T20: =O20*1.02 -> 2265.2468 | U20: =T20*1.02 -> 2310.5518 | V20: =U20*1.02 -> 2356.7628 | W20: =V20*1.02 -> 2403.8981 | X20: =W20*1.02 -> 2451.976
B21: Paid Promo Additions | D21: 6244.4023 | E21: 6169.1029 | J21: 4997.4829 | O21: =O83 -> 4909.4158 | P21: =P83 -> -247.40586 | T21: =T83 -> 5210.4085 | U21: =U83 -> 5253.0085 | V21: =V83 -> 5295.6085 | W21: =W83 -> 5338.2085 | X21: =X83 -> 5380.8085
B22: Paid Promo Disconnects (non-converts) | D22: -3377.7963 | E22: -3924.8875 | J22: -3424.7365 | O22: =(1-O95)*O47 -> -3275.2258 | P22: =(1-P95)*P47 -> -3384.4 | T22: =(1-T95)*T47 -> -3340.7304 | U22: =(1-U95)*U47 -> -3566.2297 | V22: =(1-V95)*V47 -> -3805.9271 | W22: =(1-W95)*W47 -> -4060.6786 | X22: =(1-X95)*X47 -> -4331.3905
B23: Self-Pay Disconnects | D23: -2369.0632 | E23: -2621.7475 | J23: -2789.5415 | O23: =-((O19-O21)*O93)*12 -> -2742.5337 | P23: =-((P19-P21)*P93)*12 -> -4324.2989 | T23: =-((T19-T21)*T93)*12 -> -2917.8164 | U23: =-((U19-U21)*U93)*12 -> -3171.5102 | V23: =-((V19-V21)*V93)*12 -> -3340.6858 | W23: =-((W19-W21)*W93)*12 -> -3440.728 | X23: =-((X19-X21)*X93)*12 -> -3483.5176
B24: Ending: OEM Subs | D24: =SUM(D19:D23) -> 15544.743 | E24: =SUM(E19:E23) -> 16645.842 | F24: =SUM(F19:F23) -> 0 | G24: =SUM(G19:G23) -> 0 | H24: =SUM(H19:H23) -> 0 | I24: =SUM(I19:I23) -> 0 | J24: =SUM(J19:J23) -> 17606.331 | K24: =SUM(K19:K23) -> 0 | ... P24: =SUM(P19:P23) -> 12985.764 | T24: =SUM(T19:T23) -> 19935.926 | U24: =SUM(U19:U23) -> 20761.747 | V24: =SUM(V19:V23) -> 21267.505 | W24: =SUM(W19:W23) -> 21508.205 | X24: =SUM(X19:X23) -> 21526.081
B25: Average OEM Subscribers | D25: =(D24+D19)/2 -> 14627.513 | E25: =(E24+E19)/2 -> 16095.292 | F25: =(F24+F19)/2 -> 0 | G25: =(G24+G19)/2 -> 0 | H25: =(H24+H19)/2 -> 0 | I25: =(I24+I19)/2 -> 0 | J25: =(J24+J19)/2 -> 17126.086 | K25: =(K24+K19)/2 -> 0 | ... P25: =(P24+P19)/2 -> 15852.291 | T25: =(T24+T19)/2 -> 19327.372 | U25: =(U24+U19)/2 -> 20348.836 | V25: =(V24+V19)/2 -> 21014.626 | W25: =(W24+W19)/2 -> 21387.855 | X25: =(X24+X19)/2 -> 21517.143
B26: Gross Additions | D26: =D24-D19 -> 1834.4582 | E26: =E24-E19 -> 1101.099 | F26: =F24-F19 -> 0 | G26: =G24-G19 -> 0 | H26: =H24-H19 -> 0 | I26: =I24-I19 -> 0 | J26: =J24-J19 -> 960.48941 | K26: =K24-K19 -> 0 | ... P26: =P24-P19 -> -5733.0538 | T26: =T24-T19 -> 1217.1086 | U26: =U24-U19 -> 825.82038 | V26: =V24-V19 -> 505.75841 | W26: =W24-W19 -> 240.69988 | X26: =X24-X19 -> 17.876358
B28: Used Subscribers
B30: Starting: Used Subs | D30: 1963.051 | E30: 2715.6262 | F30: 3793.6445 | G30: 4035.5461 | H30: 4280.3342 | I30: 4617.9438 | J30: 3793.6445 | K30: 5100.6255 | L30: 5483.7317 | M30: =L34 -> 5810.2091 | N30: =M34 -> 6070.2091 | O30: =J34 -> 5100.6255 | P30: =O34 -> 6521.1155 | T30: =O34 -> 6521.1155 | U30: =T34 -> 7692.6058 | V30: =U34 -> 8632.1094 | W30: =V34 -> 9356.4748 | X30: =W34 -> 9886.584
B31: Used Unpaid Promo Converts | D31: 856.96932 | E31: 1041.7914 | F31: 319.91054 | G31: 290.09331 | H31: 294.89021 | I31: 305.63516 | J31: 1210.5292 | K31: 299.21886 | L31: 356.29751 | M31: 300 | N31: 300 | O31: =-O48*O96 -> 1446.4228 | P31: 300 | T31: =-T48*T96 -> 1430.6436 | U31: =-U48*U96 -> 1455.2328 | V31: =-V48*V96 -> 1478.7043 | W31: =-W48*W96 -> 1500.8849 | X31: =-X48*X96 -> 1521.5867
B32: Unsolicited Reconnects | D32: 162.27828 | E32: 531.89686 | F32: 94.594776 | G32: 130.0292 | H32: 248.36446 | I32: 390.34219 | J32: 863.33063 | K32: 322.03052 | L32: 194.43931 | M32: 200 | N32: 200 | O32: =SUM(K32:N32) -> 916.46983 | P32: 200 | T32: =O32*1.02 -> 934.79923 | U32: =T32*1.02 -> 953.49521 | V32: =U32*1.02 -> 972.56511 | W32: =V32*1.02 -> 992.01642 | X32: =W32*1.02 -> 1011.8567
B33: Deactivations | D33: -266.67248 | E33: -495.66992 | F33: -172.60373 | G33: -175.3344 | H33: -205.64509 | I33: -213.29563 | J33: -766.87885 | K33: -238.14315 | L33: -224.25945 | M33: -240 | N33: -240 | O33: =SUM(K33:N33) -> -942.4026 | P33: -240 | T33: =-T94*T37*12 -> -1193.9526 | U33: =-U94*U37*12 -> -1469.2244 | V33: =-V94*V37*12 -> -1726.9041 | W33: =-W94*W37*12 -> -1962.792 | X33: =-X94*X37*12 -> -2174.2907
B34: Ending: Used Subs | D34: =SUM(D30:D33) -> 2715.6262 | E34: =SUM(E30:E33) -> 3793.6445 | F34: =SUM(F30:F33) -> 4035.5461 | G34: =SUM(G30:G33) -> 4280.3342 | H34: =SUM(H30:H33) -> 4617.9438 | I34: =SUM(I30:I33) -> 5100.6255 | J34: =SUM(J30:J33) -> 5100.6255 | K34: =SUM(K30:K33) -> 5483.7317 | ... P34: =SUM(P30:P33) -> 6781.1155 | T34: =SUM(T30:T33) -> 7692.6058 | U34: =SUM(U30:U33) -> 8632.1094 | V34: =SUM(V30:V33) -> 9356.4748 | W34: =SUM(W30:W33) -> 9886.584 | X34: =SUM(X30:X33) -> 10245.737
B35: Used+Unsolicited Gross Adds | D35: 1019.2476 | E35: 1573.6882 | F35: 414.50532 | G35: 420.12252 | H35: 543.25467 | I35: 695.97735 | J35: 2073.8599 | K35: 621.24938 | L35: 550.73682 | M35: 600 | N35: 600 | O35: =SUM(K35:N35) -> 2371.9862 | P35: 600 | T35: =T32+T31 -> 2365.4428 | U35: =U32+U31 -> 2408.728 | V35: =V32+V31 -> 2451.2694 | W35: =W32+W31 -> 2492.9013 | X35: =X32+X31 -> 2533.4435
B36: Gross Additions | D36: =SUM(D31:D33) -> 752.57512 | E36: =SUM(E31:E33) -> 1078.0183 | F36: =SUM(F31:F33) -> 241.90158 | G36: =SUM(G31:G33) -> 244.78812 | H36: =SUM(H31:H33) -> 337.60958 | I36: =SUM(I31:I33) -> 482.68172 | J36: =SUM(J31:J33) -> 1306.981 | K36: =SUM(K31:K33) -> 383.10623 | ... P36: =SUM(P31:P33) -> 260 | T36: =SUM(T31:T33) -> 1171.4903 | U36: =SUM(U31:U33) -> 939.50365 | V36: =SUM(V31:V33) -> 724.36534 | W36: =SUM(W31:W33) -> 530.10929 | X36: =SUM(X31:X33) -> 359.15282
B37: Average Used Subscribers | D37: =(D34+D30)/2 -> 2339.3386 | E37: =(E34+E30)/2 -> 3254.6353 | F37: =(F34+F30)/2 -> 3914.5953 | G37: =(G34+G30)/2 -> 4157.9401 | H37: =(H34+H30)/2 -> 4449.139 | I37: =(I34+I30)/2 -> 4859.2846 | J37: =(J34+J30)/2 -> 4447.135 | K37: =(K34+K30)/2 -> 5292.1786 | ... P37: =(P34+P30)/2 -> 6651.1155 | T37: =(T34+T30)/2 -> 7106.8606 | U37: =(U34+U30)/2 -> 8162.3576 | V37: =(V34+V30)/2 -> 8994.2921 | W37: =(W34+W30)/2 -> 9621.5294 | X37: =(X34+X30)/2 -> 10066.16
B40: Unpaid Promo (OEM + USED)
B42: OEM Unpaid Promo: Starting | D42: 949.83429 | E42: 811.73311 | F42: 1452.7866 | G42: 1462.6464 | H42: 1711.8951 | I42: 1725.0981 | J42: 1452.7866 | K42: 1676.4921 | L42: 1624.6532 | M42: =L50 -> 1824.6174 | N42: =M50 -> 2024.5816 | O42: =J50 -> 1676.4921 | P42: =O50 -> 2224.5457 | T42: =O50 -> 2224.5457 | U42: =T50 -> 3394.5618 | V42: =U50 -> 4378.4837 | W42: =V50 -> 5162.3917 | X42: =W50 -> 5639.3701
B43: Used Unpaid Promo: Starting | D43: 466.08371 | E43: 958.20489 | F43: 999.72044 | G43: 906.5416 | H43: 921.53192 | I43: 955.10988 | J43: 999.72044 | K43: 935.05892 | L43: 1149.3468 | M43: =L51 -> 1165.916 | N43: =M51 -> 1182.4853 | O43: =J51 -> 935.05892 | P43: =O51 -> 1199.0545 | T43: =O51 -> 1199.0545 | U43: =T51 -> 3060.0732 | V43: =U51 -> 4882.1538 | W43: =V51 -> 6654.1194 | X43: =W51 -> 8364.2344
B44: Beginning Unpaid Trials | D44: 1415.918 | E44: 1769.938 | F44: 2452.507 | G44: 2369.188 | H44: 2633.427 | I44: 2680.208 | J44: 2452.507 | K44: 2611.551 | L44: 2774 | M44: =L49 -> 2990.5334 | N44: =M49 -> 3207.0668 | O44: =J49 -> 2611.551 | P44: =O49 -> 3423.6002 | T44: =O49 -> 3423.6002 | U44: =T49 -> 6454.635 | V44: =U49 -> 9260.6375 | W44: =V49 -> 11816.511 | X44: =W49 -> 14003.604
B45: OEM Unpaid "Gross Adds" | D45: 2865.7575 | E45: 4042.2788 | F45: 1220.5153 | G45: 1468.1207 | H45: 1439.7823 | I45: 1388.9757 | J45: 5517.394 | K45: 1345.2379 | L45: 1553.8418 | M45: =L45 -> 1553.8418 | N45: =M45 -> 1553.8418 | O45: =SUM(K45:N45) -> 6006.7634 | P45: =O45 -> 6006.7634 | T45: =T104*T103 -> 6737.9 | U45: =U104*U103 -> 6830.2 | V45: =V104*V103 -> 6922.5 | W45: =W104*W103 -> 6922.5 | X45: =X104*X103 -> 6922.5
B46: Used "Gross Adds" | D46: 3012.6192 | E46: 3130.9249 | F46: 906.5416 | G46: 921.53192 | H46: 955.10988 | I46: 935.05892 | J46: 3718.2423 | K46: 1149.3468 | L46: 1165.916 | M46: =L46 -> 1165.916 | N46: =M46 -> 1165.916 | O46: =SUM(K46:N46) -> 4647.0949 | P46: =O46 -> 4647.0949 | T46: =T68 -> 6331.78 | U46: =U68 -> 6516.38 | V46: =V68 -> 6700.98 | W46: =W68 -> 6885.58 | X46: =X68 -> 7070.18
B47: OEM Rolling Off Unpaid Promo | D47: -3003.8587 | E47: -3401.2254 | F47: -1210.6555 | G47: -1218.872 | H47: -1426.5792 | I47: -1437.5818 | J47: -5293.6885 | K47: -1397.0767 | L47: -1353.8777 | M47: =L47 -> -1353.8777 | N47: =M47 -> -1353.8777 | O47: =SUM(K47:N47) -> -5458.7097 | P47: =O47 -> -5458.7097 | T47: =O47*1.02 -> -5567.8839 | U47: =T47*1.05 -> -5846.2781 | V47: =U47*1.05 -> -6138.592 | W47: =V47*1.05 -> -6445.5216 | X47: =W47*1.05 -> -6767.7977
B48: Used Rolling Off Unpaid Promo | D48: -2520.498 | E48: -3089.4093 | F48: -999.72044 | G48: -906.5416 | H48: -921.53192 | I48: -955.10988 | J48: -3782.9038 | K48: -935.05892 | L48: -1149.3468 | M48: =L48 -> -1149.3468 | N48: =M48 -> -1149.3468 | O48: =SUM(K48:N48) -> -4383.0993 | P48: =O48 -> -4383.0993 | T48: =O48*1.02 -> -4470.7613 | U48: =T48*1.05 -> -4694.2994 | V48: =U48*1.05 -> -4929.0143 | W48: =V48*1.05 -> -5175.4651 | X48: =W48*1.05 -> -5434.2383
B49: Ending Unpaid Promo Trials | D49: 1769.938 | E49: 2452.507 | F49: 2369.188 | G49: 2633.427 | H49: 2680.208 | I49: 2611.551 | J49: 2611.551 | K49: 2774 | L49: 2990.5334 | M49: =SUM(M44:M48) -> 3207.0668 | N49: =SUM(N44:N48) -> 3423.6002 | O49: =SUM(O44:O48) -> 3423.6002 | P49: =SUM(P44:P48) -> 4235.6494 | T49: =SUM(T44:T48) -> 6454.635 | U49: =SUM(U44:U48) -> 9260.6375 | V49: =SUM(V44:V48) -> 11816.511 | W49: =SUM(W44:W48) -> 14003.604 | X49: =SUM(X44:X48) -> 15794.248
B50: OEM Unpaid Promo: Ending | D50: 811.73311 | E50: 1452.7866 | F50: 1462.6464 | G50: 1711.8951 | H50: 1725.0981 | I50: 1676.4921 | J50: 1676.4921 | K50: 1624.6532 | L50: 1824.6174 | M50: =M47+M45+M42 -> 2024.5816 | N50: =N47+N45+N42 -> 2224.5457 | O50: =O47+O45+O42 -> 2224.5457 | P50: =P47+P45+P42 -> 2772.5994 | T50: =T47+T45+T42 -> 3394.5618 | U50: =U47+U45+U42 -> 4378.4837 | V50: =V47+V45+V42 -> 5162.3917 | W50: =W47+W45+W42 -> 5639.3701 | X50: =X47+X45+X42 -> 5794.0723
B51: Used Unpaid Promo: Ending | D51: 958.20489 | E51: 999.72044 | F51: 906.5416 | G51: 921.53192 | H51: 955.10988 | I51: 935.05892 | J51: 935.05892 | K51: 1149.3468 | L51: 1165.916 | M51: =M48+M46+M43 -> 1182.4853 | N51: =N48+N46+N43 -> 1199.0545 | O51: =O48+O46+O43 -> 1199.0545 | P51: =P48+P46+P43 -> 1463.05 | T51: =T48+T46+T43 -> 3060.0732 | U51: =U48+U46+U43 -> 4882.1538 | V51: =V48+V46+V43 -> 6654.1194 | W51: =W48+W46+W43 -> 8364.2344 | X51: =X48+X46+X43 -> 10000.176
B53: Retail Gross Adds | D53: 1016.6208 | E53: 914.95871 | J53: 777.7149 | O53: =J53*0.95 -> 738.82916 | P53: =K53*0.95 -> 0 | T53: =O53*0.95 -> 701.8877 | U53: =T53*0.95 -> 666.79331 | V53: =U53*0.95 -> 633.45365 | W53: =V53*0.95 -> 601.78097 | X53: =W53*0.95 -> 571.69192
B54: Unsolicited Reconnect Gross Adds | D54: 162.27828 | E54: 531.89686 | J54: 863.33063 | O54: =J54*(1+O106) -> 880.59724 | P54: =K54*(1+P106) -> 0 | T54: =O54*(1+T106) -> 898.20919 | U54: =T54*(1+U106) -> 916.17337 | V54: =U54*(1+V106) -> 934.49684 | W54: =V54*(1+W106) -> 953.18678 | X54: =W54*(1+X106) -> 972.25051
B55: Unpaid Promo Conversions | O55: =-(O48*O96)-(O95*O47) -> 3629.9067 | P55: =-(P48*P96)-(P95*P47) -> 3476.9015 | T55: =-(T48*T96)-(T95*T47) -> 3657.7972 | U55: =-(U48*U96)-(U95*U47) -> 3735.2813 | V55: =-(V48*V96)-(V95*V47) -> 3811.3693 | W55: =-(W48*W96)-(W95*W47) -> 3885.7279 | X55: =-(X48*X96)-(X95*X47) -> 3957.9939
B56: Subs Rolling Off Paid Promo | D56: -6082 | E56: -6186 | J56: -5819 | O56: =J56*1.02 -> -5935.38 | P56: =K56*1.02 -> 0 | T56: =O56*1.02 -> -6054.0876 | U56: =T56*1.02 -> -6175.1694 | V56: =U56*1.02 -> -6298.6727 | W56: =V56*1.02 -> -6424.6462 | X56: =W56*1.02 -> -6553.1391
B57: Conversions to Self-Pay (Paid Promo Converts) | O57: =-O56*O95 -> 2374.152 | P57: =-P56*P95 -> 0 | T57: =-T56*T95 -> 2421.635 | U57: =-U56*U95 -> 2408.316 | V57: =-V56*V95 -> 2393.4956 | W57: =-W56*W95 -> 2377.1191 | X57: =-X56*X95 -> 2359.1301
B58: Non-Converts | O58: =O57+O56 -> -3561.228 | P58: =P57+P56 -> 0 | T58: =T57+T56 -> -3632.4526 | U58: =U57+U56 -> -3766.8533 | V58: =V57+V56 -> -3905.1771 | W58: =W57+W56 -> -4047.5271 | X58: =X57+X56 -> -4194.009
B61: Self-Pay vs. Promo
B63: Self Pay Subs | D63: =D79 -> 19570.274 | E63: =E79 -> 21081.817 | F63: =F79 -> 21255.297 | G63: =G79 -> 21635.008 | H63: =H79 -> 22014.606 | I63: =I79 -> 22522.638 | J63: =J79 -> 22522.638 | K63: =K79 -> 22916 | ... X63: =X79 -> 28424.582
B64: Self-Pay Monthly Churn % | C64: =C93 -> 0.0198 | D64: =D93 -> 0.0189 | E64: =E93 -> 0.0187 | F64: =F93 -> 0.0192 | G64: =G93 -> 0.0182 | H64: =H93 -> 0.0192 | I64: =I93 -> 0.018 | J64: =J93 -> 0.0186 | ... X64: =X93 -> 0.018
B65: Self-Pay Churned | D65: =D63*D64*12 -> 4438.5381 | E65: =E63*E64*12 -> 4730.7597 | F65: =F63*F64*12 -> 4897.2204 | G65: =G63*G64*12 -> 4725.0857 | H65: =H63*H64*12 -> 5072.1652 | I65: =I63*I64*12 -> 4864.8898 | J65: =J63*J64*12 -> 5027.0528 | K65: =K63*K64*12 -> 4949.856 | ... X65: =X63*X64*12 -> 6139.7097
B67: Unpaid promo OEM penetration rate | D67: 0.605 | E67: 0.603 | J67: 0.646 | O67: =J67+0.02 -> 0.666 | P67: =K67+0.02 -> 0.02 | Q67: =L67+0.02 -> 0.02 | R67: =M67+0.02 -> 0.02 | S67: =N67+0.02 -> 0.02 | T67: =O67+0.02 -> 0.686 | U67: =T67+0.02 -> 0.706 | V67: =U67+0.02 -> 0.726 | W67: =V67+0.02 -> 0.746 | X67: =W67+0.02 -> 0.766
B68: Unpaid promo cars sold with radios | O68: =O67*O103 -> 5900.2525 | P68: =P67*P103 -> 184.6 | Q68: =Q67*Q103 -> 184.6 | R68: =R67*R103 -> 184.6 | S68: =S67*S103 -> 184.6 | T68: =T67*T103 -> 6331.78 | U68: =U67*U103 -> 6516.38 | V68: =V67*V103 -> 6700.98 | ... X68: =X67*X103 -> 7070.18
B70: Paid promo OEM penetration rate | D70: 0.70416491 | E70: 0.74649674 | J70: 0.75 | O70: =J70+0.005 -> 0.755 | P70: =K70+0.005 -> 0.005 | Q70: =L70+0.005 -> 0.005 | R70: =M70+0.005 -> 0.005 | S70: =N70+0.005 -> 0.005 | T70: =O70+0.005 -> 0.76 | U70: =T70+0.005 -> 0.765 | V70: =U70+0.005 -> 0.77 | W70: =V70+0.005 -> 0.775 | X70: =W70+0.005 -> 0.78
B71: Paid promo cars sold with radios | O71: =O70*O102 -> 6174.2074 | P71: =P70*P102 -> 42.6 | Q71: =Q70*Q102 -> 42.6 | R71: =R70*R102 -> 42.6 | S71: =S70*S102 -> 42.6 | T71: =T70*T102 -> 6475.2 | U71: =U70*U102 -> 6517.8 | V71: =V70*V102 -> 6560.4 | ... X71: =X70*X102 -> 6645.6
B73: Self-Pay Subs | C73: 17908.742 | D73: 19570.274 | E73: 21081.8 | F73: 21255.3 | G73: 21635 | H73: 22014 | I73: 22522 | J73: =I73 -> 22522 | K73: 22917 | L73: 23436 | M73: =L73+#REF! -> #REF! | N73: =M73+#REF! -> #REF! | O73: =N73 -> #REF! | P73: =K73+#REF! -> #REF! | Q73: =L73+#REF! -> #REF! | R73: =M73+#REF! -> #REF! | S73: =N73+#REF! -> #REF! | T73: =O73+#REF! -> #REF! | U73: =T73+#REF! -> #REF! | V73: =U73+#REF! -> #REF! | W73: =V73+#REF! -> #REF! | X73: =W73+#REF! -> #REF!
B74: Self-Pay Subscriber Walk:
B75: Starting: Self-Pay Subs | D75: 17909 | E75: =D79 -> 19570.274 | F75: 21081.817 | G75: 21255.297 | H75: 21635.008 | I75: 22014.606 | J75: =E79 -> 21081.817 | K75: 22522.638 | L75: 22916 | M75: 23435 | N75: 23760.295 | O75: =J79 -> 22522.638 | P75: =K79 -> 22916 | Q75: =L79 -> 23435 | R75: =M79 -> 23760.295 | S75: =N79 -> 24150.077 | T75: =O79 -> 24150.077 | U75: =T79 -> 25348.398 | V75: =U79 -> 26334.917 | W75: =V79 -> 27154.599 | X75: =W79 -> 27842.228
B76: Self-Pay Gross Adds | F76: 1615.0424 | G76: 1838.4835 | H76: 1939.9674 | I76: 2030.2974 | J76: =SUM(F76:I76) -> 7423.7907 | K76: 1910.2111 | L76: 1966.4006 | M76: 1952.1872 | N76: 2041.8814 | O76: =SUM(K76:N76) -> 7870.6803 | P76: =P57+P55+P53+P54 -> 3476.9015 | Q76: =Q57+Q55+Q53+Q54 -> 0 | R76: =R57+R55+R53+R54 -> 0 | S76: =S57+S55+S53+S54 -> 0 | T76: =T57+T55+T53+T54 -> 7679.5291 | U76: =U57+U55+U53+U54 -> 7726.564 | V76: =V57+V55+V53+V54 -> 7772.8154 | W76: =W57+W55+W53+W54 -> 7817.8147 | X76: =X57+X55+X53+X54 -> 7861.0664
B77: Reclass to Paid Promo | F77: -222.25355 | G77: -287.86718 | H77: -303.26047 | I77: -319.75986 | J77: =SUM(F77:I77) -> -1133.1411 | K77: -290.00586 | L77: -334.97663 | M77: -317.22309 | N77: -322.58595 | O77: =SUM(K77:N77) -> -1264.7915 | P77: =K77 -> -290.00586 | Q77: =L77 -> -334.97663 | R77: =M77 -> -317.22309 | S77: =N77 -> -322.58595 | T77: =O77 -> -1264.7915 | U77: =T77 -> -1264.7915 | V77: =U77 -> -1264.7915 | W77: =V77 -> -1264.7915 | X77: =W77 -> -1264.7915
B78: Self-Pay Disconnects | F78: -1219.3089 | G78: -1170.9053 | H78: -1257.1089 | I78: -1202.5056 | J78: =SUM(F78:I78) -> -4849.8287 | K78: -1226.8432 | L78: -1112.424 | M78: -1309.6694 | N78: -1329.5128 | O78: =SUM(K78:N78) -> -4978.4495 | P78: =-P75*P64*12 -> -5224.848 | Q78: =-Q75*Q64*12 -> -5061.96 | R78: =-R75*R64*12 -> -5417.3472 | S78: =-S75*S64*12 -> -5216.4167 | T78: =-T75*T64*12 -> -5216.4167 | U78: =-U75*U64*12 -> -5475.254 | V78: =-V75*V64*12 -> -5688.342 | W78: =-W75*W64*12 -> -5865.3933 | X78: =-X75*X64*12 -> -6013.9213
B79: Ending: Self-Pay Subs | D79: 19570.274 | E79: 21081.817 | F79: 21255.297 | G79: 21635.008 | H79: 22014.606 | I79: 22522.638 | J79: =I79 -> 22522.638 | K79: 22916 | L79: 23435 | M79: 23760.295 | N79: 24150.077 | O79: =N79 -> 24150.077 | P79: =SUM(P75:P78) -> 20878.048 | Q79: =SUM(Q75:Q78) -> 18038.063 | R79: =SUM(R75:R78) -> 18025.724 | S79: =SUM(S75:S78) -> 18611.075 | T79: =SUM(T75:T78) -> 25348.398 | U79: =SUM(U75:U78) -> 26334.917 | V79: =SUM(V75:V78) -> 27154.599 | W79: =SUM(W75:W78) -> 27842.228 | X79: =SUM(X75:X78) -> 28424.582
B81: Promo Subscriber Walk:
B82: Beginning Subs | D82: 3984.082 | E82: 4330.062 | J82: 4477 | O82: =J87 -> 4788.449 | P82: =K87 -> 0 | Q82: =L87 -> 0 | R82: =M87 -> 0 | S82: =N87 -> 0 | T82: =O87 -> 5027.2764 | U82: =T87 -> 5448.3888 | V82: =U87 -> 5791.0194 | W82: =V87 -> 6052.7467 | X82: =W87 -> 6231.1005
B83: OEM Gross Adds | D83: 6244.4023 | E83: 6169.1029 | J83: 4997.4829 | O83: =O70*O102-O84 -> 4909.4158 | P83: =P70*P102-P84 -> -247.40586 | Q83: =Q70*Q102-Q84 -> -292.37663 | R83: =R70*R102-R84 -> -274.62309 | S83: =S70*S102-S84 -> -279.98595 | T83: =T70*T102-T84 -> 5210.4085 | U83: =U70*U102-U84 -> 5253.0085 | V83: =V70*V102-V84 -> 5295.6085 | ... X83: =X70*X102-X84 -> 5380.8085
B84: Reclass from self-pay | J84: 1133 | O84: =-O77 -> 1264.7915 | P84: =-P77 -> 290.00586 | Q84: =-Q77 -> 334.97663 | R84: =-R77 -> 317.22309 | S84: =-S77 -> 322.58595 | T84: =-T77 -> 1264.7915 | U84: =-U77 -> 1264.7915 | V84: =-V77 -> 1264.7915 | ... X84: =-X77 -> 1264.7915
B85: Converts to Self-Pay | D85: -2704.1979 | E85: -2711.5604 | J85: -2394.9314 | O85: =O56*O95 -> -2374.152 | P85: =P56*P95 -> 0 | Q85: =Q56*Q95 -> 0 | R85: =R56*R95 -> 0 | S85: =S56*S95 -> 0 | T85: =T56*T95 -> -2421.635 | U85: =U56*U95 -> -2408.316 | V85: =V56*V95 -> -2393.4956 | ... X85: =X56*X95 -> -2359.1301
B86: Non-converts | D86: -3377.7963 | E86: -3924.8875 | J86: -3424.7365 | O86: =O56*(1-O95) -> -3561.228 | P86: =P56*(1-P95) -> 0 | Q86: =Q56*(1-Q95) -> 0 | R86: =R56*(1-R95) -> 0 | S86: =S56*(1-S95) -> 0 | T86: =T56*(1-T95) -> -3632.4526 | U86: =U56*(1-U95) -> -3766.8533 | V86: =V56*(1-V95) -> -3905.1771 | ... X86: =X56*(1-X95) -> -4194.009
B87: Ending Subs | D87: 4330.062 | E87: 4477.493 | J87: 4788.449 | O87: =SUM(O82:O86) -> 5027.2764 | P87: =SUM(P82:P86) -> 42.6 | Q87: =SUM(Q82:Q86) -> 42.6 | R87: =SUM(R82:R86) -> 42.6 | S87: =SUM(S82:S86) -> 42.6 | T87: =SUM(T82:T86) -> 5448.3888 | U87: =SUM(U82:U86) -> 5791.0194 | V87: =SUM(V82:V86) -> 6052.7467 | ... X87: =SUM(X82:X86) -> 6323.5613
B90: Auto/Vehicle Drivers
B91: Daily Weighted Average Subs | C91: 20899.751 | D91: 22791.334 | E91: 24880.89 | F91: 25602.139 | G91: 26005.691 | H91: 26487.969 | I91: 27021.501 | J91: 26279.325 | K91: 27406 | L91: 28031 | M91: =(M12+M9)/2 -> 28694 | N91: =(N12+N9)/2 -> 29277 | O91: =(O12+O9)/2 -> 28455.543 | P91: =(P12+P9)/2 -> 29762.5 | Q91: 30329 | R91: 30776 | S91: =(S12+S9)/2 -> 31258.2 | T91: =(T12+T9)/2 -> 30418.7 | U91: =(U12+U9)/2 -> 31901.975 | V91: =(V12+V9)/2 -> 33107.254 | W91: =(W12+W9)/2 -> 34080.95 | X91: =(X12+X9)/2 -> 34851.349
B92: ARPU | C92: 12.29 | D92: 12.31 | E92: 12.35 | F92: 12.18 | G92: 12.36 | H92: 12.47 | I92: 12.49 | J92: 12.41 | K92: 12.26 | L92: 12.42 | M92: 12.67 | N92: 12.75 | O92: 12.53 | P92: 12.66 | Q92: 12.78 | R92: 13.04 | S92: 12.7 | T92: =Drivers!E38 -> 12.7 | U92: =Drivers!F38 -> 12.9 | V92: =Drivers!G38 -> 13.05 | W92: =Drivers!H38 -> 13.15 | X92: =Drivers!I38 -> 13.25
B93: Self-Pay Monthly Churn | C93: 0.0198 | D93: 0.0189 | E93: 0.0187 | F93: 0.0192 | G93: 0.0182 | H93: 0.0192 | I93: 0.018 | J93: 0.0186 | K93: 0.018 | L93: 0.016 | M93: 0.019 | N93: 0.019 | O93: 0.018 | P93: 0.019 | Q93: 0.018 | R93: 0.019 | S93: 0.018 | T93: =Drivers!E26 -> 0.018 | U93: =Drivers!F26 -> 0.018 | V93: =Drivers!G26 -> 0.018 | W93: =Drivers!H26 -> 0.018 | X93: =Drivers!I26 -> 0.018
B94: Used Monthly Churn | D94: =-D33/D37/12 -> 0.0094995682 | E94: =-E33/E37/12 -> 0.012691384 | F94: =-F33/F37/3 -> 0.014697452 | G94: =-G33/G37/3 -> 0.014056191 | H94: =-H33/H37/3 -> 0.015407108 | I94: =-I33/I37/3 -> 0.014631483 | J94: =-J33/J37/12 -> 0.014370279 | K94: =-K33/K37/3 -> 0.014999692 | L94: =-L33/L37/3 -> 0.013237744 | M94: =-M33/M37/3 -> 0.013467539 | N94: =-N33/N37/3 -> 0.012902791 | O94: =-O33/O37/12 -> 0.013514937 | P94: 0.014 | Q94: 0.014 | R94: 0.014 | S94: 0.014 | T94: =Drivers!E32 -> 0.014 | U94: =Drivers!F32 -> 0.015 | V94: =Drivers!G32 -> 0.016 | W94: =Drivers!H32 -> 0.017 | X94: =Drivers!I32 -> 0.018
B95: New OEM Conversion Rate | C95: 0.446 | D95: 0.445 | E95: 0.4375 | F95: 0.42 | G95: 0.42 | H95: 0.41 | I95: 0.41 | J95: 0.413 | K95: 0.4 | L95: 0.41 | M95: 0.42 | N95: 0.39 | O95: 0.4 | P95: 0.38 | Q95: 0.4 | R95: 0.4 | S95: 0.4 | T95: =Drivers!E14 -> 0.4 | U95: =Drivers!F14 -> 0.39 | V95: =Drivers!G14 -> 0.38 | W95: =Drivers!H14 -> 0.37 | X95: =Drivers!I14 -> 0.36
B96: Used OEM Conversion Rate | C96: 0.34 | D96: 0.34 | E96: 0.33721378 | F96: 0.33 | G96: 0.33 | H96: 0.33 | I96: 0.33 | J96: =I96 -> 0.33 | K96: 0.33 | L96: 0.33 | M96: 0.33 | N96: 0.33 | O96: =N96 -> 0.33 | P96: 0.32 | Q96: 0.32 | R96: 0.32 | S96: 0.32 | T96: =Drivers!E20 -> 0.32 | U96: =Drivers!F20 -> 0.31 | V96: =Drivers!G20 -> 0.3 | W96: =Drivers!H20 -> 0.29 | X96: =Drivers!I20 -> 0.28
B97: Sirius XM Installed Base | C97: 40200 | D97: 49500 | E97: 59696.872 | F97: 62123.742 | G97: 65046.063 | H97: 67882.56 | I97: 70662.517 | J97: 70662.517 | K97: 73206.014 | L97: 76173.326 | M97: =(M101*M104)+L97 -> 79290.826 | N97: =(N101*N104)+M97 -> 82575.826 | O97: =N97 -> 82575.826 | P97: =(P101*P104)+K97 -> 86163.514 | Q97: =(Q101*Q104)+P97 -> 99121.014 | R97: =(R101*R104)+Q97 -> 112078.51 | S97: =(S101*S104)+R97 -> 125036.01 | T97: =(T101*T104)+O97 -> 95533.326 | U97: =(U101*U104)+T97 -> 108668.33 | V97: =(V101*V104)+U97 -> 121980.83 | W97: =(W101*W104)+V97 -> 135293.33 | X97: =(X101*X104)+W97 -> 148605.83
B98: y/y change % | D98: =D97/C97-1 -> 0.23134328 | E98: =E97/D97-1 -> 0.20599742 | J98: =J97/E97-1 -> 0.18368877 | O98: =O97/J97-1 -> 0.16859445 | P98: =P97/K97-1 -> 0.17700048 | Q98: =Q97/L97-1 -> 0.30125623 | R98: =R97/M97-1 -> 0.41351176 | S98: =S97/N97-1 -> 0.51419636 | T98: =T97/O97-1 -> 0.15691638 | U98: =U97/T97-1 -> 0.13749129 | V98: =V97/U97-1 -> 0.1225058 | W98: =W97/V97-1 -> 0.10913601 | X98: =X97/W97-1 -> 0.098397315
B99: Estimated Turnover of Vehicles with Radios | D99: 5713.8275 | E99: 7090.5871 | F99: 2017.6539 | G99: 2106.2499 | H99: 2201.6303 | I99: 2294.6528 | J99: 8620.187 | K99: 2427.7815 | L99: 2520.7764 | M99: 2618.0671 | N99: 2710.9009 | O99: =SUM(K99:N99) -> 10277.526 | P99: =P100*P97 -> 11847.483 | Q99: =Q100*Q97 -> 0 | R99: =R100*R97 -> 0 | S99: =S100*S97 -> 0 | T99: =T100*T97 -> 13135.832 | U99: =U100*U97 -> 15213.566 | V99: =V100*V97 -> 17382.268 | W99: =W100*W97 -> 19617.532 | X99: =X100*X97 -> 21919.359
B100: % Turnover of Vehicles | D100: =D99/D97 -> 0.11543086 | E100: =E99/E97 -> 0.11877653 | F100: =F99/F97 -> 0.032477985 | G100: =G99/G97 -> 0.032380897 | H100: =H99/H97 -> 0.03243293 | I100: =I99/I97 -> 0.032473409 | J100: =J99/J97 -> 0.12199094 | K100: 0.034 | L100: 0.034 | M100: 0.034 | N100: 0.034 | O100: =O99/O97 -> 0.12446168 | P100: 0.1375 | T100: 0.1375 | U100: 0.14 | V100: 0.1425 | W100: 0.145 | X100: 0.1475
B101: Total U.S. Auto Sales (000) | C101: 12734 | D101: 14440 | E101: 15532 | F101: 3728 | G101: 4397 | H101: 4246 | I101: 4065 | J101: 16436 | K101: 3936.996 | L101: 4300 | M101: 4300 | N101: 4500 | O101: =SUM(K101:N101) -> 17036.996 | P101: 17750 | Q101: 17750 | R101: 17750 | S101: 17750 | T101: =Drivers!E8 -> 17750 | U101: =Drivers!F8 -> 17750 | V101: =Drivers!G8 -> 17750 | W101: =Drivers!H8 -> 17750 | X101: =Drivers!I8 -> 17750
B102: Paid Promo Partners (48% in FY14) | J102: =J101*0.48 -> 7889.28 | K102: =K101*0.48 -> 1889.7581 | L102: =L101*0.48 -> 2064 | M102: =M101*0.48 -> 2064 | N102: =N101*0.48 -> 2160 | O102: =O101*0.48 -> 8177.7581 | P102: 8520 | Q102: 8520 | R102: 8520 | S102: 8520 | T102: =T101*0.48 -> 8520 | U102: =U101*0.48 -> 8520 | V102: =V101*0.48 -> 8520 | W102: =W101*0.48 -> 8520 | X102: =X101*0.48 -> 8520
B103: Unpaid Promo Partners | J103: =J101-J102 -> 8546.72 | K103: =K101-K102 -> 2047.2379 | L103: =L101-L102 -> 2236 | M103: =M101-M102 -> 2236 | N103: =N101-N102 -> 2340 | O103: =O101-O102 -> 8859.2379 | P103: 9230 | Q103: 9230 | R103: 9230 | S103: 9230 | T103: =T101-T102 -> 9230 | U103: =U101-U102 -> 9230 | V103: =V101-V102 -> 9230 | W103: =W101-W102 -> 9230 | X103: =X101-X102 -> 9230
B104: In-Vehicle Penetration | C104: 0.66 | D104: 0.67 | E104: 0.69 | F104: 0.7 | G104: 0.708 | H104: 0.715 | I104: 0.735 | J104: 0.71467151 | K104: 0.71 | L104: 0.72 | M104: =L104+0.005 -> 0.725 | N104: =M104+0.005 -> 0.73 | O104: =AVERAGE(K104:N104) -> 0.72125 | P104: 0.73 | Q104: 0.73 | R104: 0.73 | S104: 0.73 | T104: 0.73 | U104: 0.74 | V104: 0.75 | W104: =V104 -> 0.75 | X104: =W104 -> 0.75
B105: Used Car Sales | D105: 40516.935 | E105: 41732.443 | F105: 7321.2232 | G105: 13245.132 | H105: 12711.686 | I105: 9706.3757 | J105: 42984.416 | K105: 7467.6476 | L105: 13510.034 | M105: 12965.919 | N105: =M105 -> 12965.919 | O105: =J105*(1+O106) -> 43844.105 | P105: =O105*(1+P106) -> 44063.325 | Q105: =P105*(1+Q106) -> 44283.642 | R105: =Q105*(1+R106) -> 44505.06 | S105: =R105*(1+S106) -> 44727.585 | T105: =S105 -> 44727.585 | U105: =T105*(1+U106) -> 45622.137 | V105: =U105*(1+V106) -> 46534.58 | W105: =V105*(1+W106) -> 47465.271 | X105: =W105*(1+X106) -> 48414.577
B106: y/y change % | E106: =E105/D105-1 -> 0.03 | F106: 0.03 | G106: 0.03 | H106: 0.03 | I106: 0.03 | J106: =J105/E105-1 -> 0.03 | K106: =K105/F105-1 -> 0.02 | L106: =L105/G105-1 -> 0.02 | M106: =M105/H105-1 -> 0.02 | N106: =N105/I105-1 -> 0.33581472 | O106: 0.02 | P106: 0.005 | Q106: 0.005 | R106: 0.005 | S106: 0.005 | T106: =O106 -> 0.02 | U106: =T106 -> 0.02 | V106: =U106 -> 0.02 | W106: =V106 -> 0.02 | X106: =W106 -> 0.02
B107: % of Cars With Promos | E107: =E46/E105 -> 0.075023762 | F107: =F46/F105 -> 0.12382379 | G107: =G46/G105 -> 0.069575142 | H107: =H46/H105 -> 0.075136366 | I107: =I46/I105 -> 0.096334508 | J107: =J46/J105 -> 0.086502101 | K107: =K46/K105 -> 0.15391015 | L107: =L46/L105 -> 0.086300004 | ... P107: =P46/P105 -> 0.10546401 | T107: =T46/T105 -> 0.1415632 | U107: =U46/U105 -> 0.14283373 | V107: =V46/V105 -> 0.14400001 | W107: =W46/W105 -> 0.14506564 | X107: =X46/X105 -> 0.14603412
A109: x | B109: 2. Consolidated Income Statement
B110: Revenues
B111: Subscriber Revenues | C111: 2599.072 | D111: 2962.773 | E111: 3284.66 | F111: 851.436 | G111: 878.16 | H111: 902.514 | I111: 922.192 | J111: 3554.302 | K111: 911.47 | L111: 940.07 | M111: 974.47 | N111: 998.775 | O111: =SUM(K111:N111) -> 3824.785 | P111: 1009.682 | Q111: 1033.284 | R111: 1069.746 | S111: =(S91*S92*0.011)/4 -> 1091.6926 | T111: =SUM(P111:S111) -> 4204.4046 | U111: =U91*U92*0.011 -> 4526.8902 | V111: =V91*V92*0.011 -> 4752.5463 | W111: =W91*W92*0.011 -> 4929.8094 | X111: =X91*X92*0.011 -> 5079.5841 | Z111: 1q | AA111: 2Q16 | AB111: 3Q16 | AC111: 4Q16
B112: Equipment | C112: 71.051 | D112: 73.456 | E112: 80.397 | F112: 23.978 | G112: 27.616 | H112: 23.129 | I112: 29.938 | J112: 104.661 | K112: 24.841 | L112: 29.263 | M112: 25.875 | N112: 30.944 | O112: =SUM(K112:N112) -> 110.923 | P112: 27.121 | Q112: 33.52 | R112: 31.306 | S112: =N112*1.04 -> 32.18176 | T112: =SUM(P112:S112) -> 124.12876 | U112: =T112*1.05 -> 130.3352 | V112: =U112*1.05 -> 136.85196 | W112: =V112*1.05 -> 143.69456 | X112: =W112*1.05 -> 150.87928 | Y112: Revs | Z112: 1180 | AA112: 1220 | AB112: 1250 | AC112: 1270
B113: Advertising, Net of Commissions | C113: 73.672 | D113: 82.374 | E113: 89.464 | F113: 22.214 | G113: 25.498 | H113: 25.3 | I113: 27.97 | J113: 100.982 | K113: 26.873 | L113: 28.83 | M113: 33.131 | N113: 33.449 | O113: =SUM(K113:N113) -> 122.283 | P113: 31.541 | Q113: 27.858 | R113: 34.268 | S113: =N113*1.04 -> 34.78696 | T113: =SUM(P113:S113) -> 128.45396 | U113: =T113*1.08 -> 138.73028 | V113: =U113*1.08 -> 149.8287 | W113: =V113*1.08 -> 161.81499 | X113: =W113*1.08 -> 174.76019 | Y113: EBITDA | Z113: 447 | AA113: 456 | AB113: 475 | AC113: 466
B114: Other | C114: 281.639 | D114: 290.918 | E114: 351.826 | F114: 101.896 | G114: 105.884 | H114: 107.957 | I114: 112.665 | J114: 428.402 | K114: 119.619 | L114: 125 | M114: 136.26 | N114: 132.978 | O114: 512.05 | P114: 132.666 | Q114: 140.903 | R114: 142.326 | S114: =N114*1.04 -> 138.29712 | T114: =SUM(P114:S114) -> 554.19212 | U114: =T114*1.05 -> 581.90173 | V114: =U114*1.05 -> 610.99681 | W114: =V114*1.05 -> 641.54665 | X114: =W114*1.05 -> 673.62399
B115: Total Revenues | C115: 3025.434 | D115: 3409.521 | E115: 3806.347 | F115: 999.524 | G115: 1037.158 | H115: 1058.9 | I115: 1092.765 | J115: 4188.347 | K115: 1082.803 | L115: 1123.163 | M115: =SUM(M111:M114) -> 1169.736 | N115: =SUM(N111:N114) -> 1196.146 | O115: =SUM(O111:O114) -> 4570.041 | P115: =SUM(P111:P114) -> 1201.01 | Q115: =SUM(Q111:Q114) -> 1235.565 | R115: =SUM(R111:R114) -> 1277.646 | S115: =SUM(S111:S114) -> 1296.9585 | T115: =SUM(P115:S115) -> 5011.1795 | U115: =SUM(U111:U114) -> 5377.8574 | V115: =SUM(V111:V114) -> 5650.2237 | W115: =SUM(W111:W114) -> 5876.8656 | X115: =SUM(X111:X114) -> 6078.8476
B116: % Change | C116: 0.065707186 | D116: =D115/C115-1 -> 0.1269527 | E116: =E115/D115-1 -> 0.11638761 | F116: 0.11155669 | G116: 0.10110699 | H116: 0.099217084 | I116: 0.090702482 | J116: =J115/E115-1 -> 0.10035869 | K116: =K115/F115-1 -> 0.08331866 | L116: =L115/G115-1 -> 0.08292372 | M116: =M115/H115-1 -> 0.10467088 | N116: =N115/I115-1 -> 0.09460497 | O116: =O115/J115-1 -> 0.091132373 | P116: =P115/K115-1 -> 0.1091676 | Q116: =Q115/L115-1 -> 0.1000763 | ... T116: =T115/O115-1 -> 0.096528341 | U116: =U115/T115-1 -> 0.073171978 | V116: =V115/U115-1 -> 0.050645884 | W116: =W115/V115-1 -> 0.040112022 | X116: =X115/W115-1 -> 0.034368995
B118: Cost of Revenue
A119: fixed | B119: Satellite & Transmission | C119: 73.537 | D119: 69.286 | E119: 75.578 | F119: 20.434 | G119: 20.316 | H119: 20.609 | I119: 20.563 | J119: 81.922 | K119: 20.367 | L119: 21.71 | M119: 22.743 | N119: 28.848 | O119: 94.609 | P119: 23.538 | Q119: 34.847 | R119: 22.22 | S119: =R119*0.99 -> 21.9978 | T119: =SUM(P119:S119) -> 102.6028 | U119: =T119*1.01 -> 103.62883 | V119: =U119*1.01 -> 104.66512 | W119: =V119*1.01 -> 105.71177 | X119: =W119*1.01 -> 106.76889
A120: fixed | B120: Programming & Content | C120: 324.194 | D120: 310.223 | E120: 290.771 | F120: 73.6 | G120: 68.261 | H120: 73.431 | I120: 76.622 | J120: 291.914 | K120: 69.755 | L120: 69.37 | M120: 75.707 | N120: 76.868 | O120: 293.091 | P120: 85.1 | Q120: 83.645 | R120: 89 | S120: 70 | T120: =SUM(P120:S120) -> 327.745 | U120: =T120*1.01 -> 331.02245 | V120: =U120*1.01 -> 334.33267 | W120: =V120*1.01 -> 337.676 | X120: =W120*1.01 -> 341.05276
A121: mix | B121: Revenue Share & Royalties | C121: 598.09 | D121: 697.613 | E121: 800.176 | F121: 195.411 | G121: 200.221 | H121: 204.307 | I121: 210.089 | J121: 810.028 | K121: 212.978 | L121: 331.517 | M121: 238.62 | N121: 251.717 | O121: =SUM(K121:N121) -> 1034.832 | P121: 251.744 | Q121: 264.385 | R121: 272.823 | S121: =R121*1.1 -> 300.1053 | T121: =SUM(P121:S121) -> 1089.0573 | U121: =T121*(1+Drivers!F50) -> 1197.963 | V121: =U121*(1+Drivers!G50) -> 1317.7593 | W121: =V121*(1+Drivers!H50) -> 1449.5353 | X121: =W121*(1+Drivers!I50) -> 1594.4888
A122: fixed | B122: Customer Care & Billing | C122: 258.235 | D122: 293.132 | E122: 318.536 | F122: 90.492 | G122: 89.505 | H122: 92.145 | I122: 95.663 | J122: 367.805 | K122: 91.402 | L122: 91.932 | M122: 94.492 | N122: 99.387 | O122: =SUM(K122:N122) -> 377.213 | P122: 96.687 | Q122: 93.712 | R122: 94.923 | S122: =R122 -> 94.923 | T122: =SUM(P122:S122) -> 380.245 | U122: =T122*1.01 -> 384.04745 | V122: =U122*1.01 -> 387.88792 | W122: =V122*1.01 -> 391.7668 | X122: =W122*1.01 -> 395.68447
A123: fixed | B123: Cost of equipment | C123: 33.095 | D123: 31.766 | E123: 26.478 | F123: 7.804 | G123: 12.03 | H123: 9.485 | I123: 15.078 | J123: 44.397 | K123: 8.845 | L123: 10.93 | M123: 9.246 | N123: 13.703 | O123: =SUM(K123:N123) -> 42.724 | P123: 9.779 | Q123: 9.728 | R123: 9.674 | S123: =N123*1.01 -> 13.84003 | T123: =SUM(P123:S123) -> 43.02103 | U123: =T123*1.01 -> 43.45124 | V123: =U123*1.01 -> 43.885753 | W123: =V123*1.01 -> 44.32461 | X123: =W123*1.01 -> 44.767856
...

Sheet SOTP
B2: LMCA/BATRA/LSXMA
B3: SOTP/NAV Analysis
B4: $m Unless Noted
B6: LMCA (Liberty Media Group)
C8: Price | E8: Shares | F8: Base Case
B9: Live Nation | C9: 23.18 | E9: 69.6 | F9: =E9*C9 -> 1613.328
B10: Time Warner | C10: 74.57 | E10: 4.3 | F10: =$C$10*$E10 -> 320.651
B11: Time Inc. | C11: 15.06 | E11: 0.5 | F11: =$C$11*$E11 -> 7.53
B12: Viacom/Other | C12: 38.88 | E12: 1.8 | F12: =$C$12*$E12+60 -> 129.984
B13: Total: Public Assets | F13: =SUM(F9:F12) -> 2071.493
B15: Liberty Braves Stake | D15: 0.2 | F15: 170
B16: Inter-Group Note | F16: 165
B17: Other | F17: 127
B18: Total: Private Assets | F18: =SUM(F15:F17) -> 462
B20: Cash | F20: 424
B21: Liberty 1.375% converts due 2023 | F21: -995
B22: Net Asset Value | F22: =F21+F20+F18+F13 -> 1962.493
B23: Shares Outstanding | F23: 84.8
B24: Per Share Value | F24: =F22/F23 -> 23.142606
B26: LMCA Price | F26: 19.3
B27: Discount | F27: =F26/F24-1 -> -0.16604034
B29: BATRA (Liberty Braves Group)
B31: Atlanta Braves Valuation | F31: 1175
B32: Mixed-Use Development | F32: 450
B33: Cash | F33: 50
B34: Total Assets | F34: =SUM(F31:F33) -> 1675
B36: Stadium Debt at Completion | F36: -330
B37: Mixed-Use Debt at Completion | F37: -285
B38: Other Debt as of 9/30/2015 | F38: -44
B39: Inter-Group Note | F39: -165
B40: Total Liabilities | F40: -824
B42: Less: Liberty Group Interest (20%) | F42: =-(F34+F40)*0.2 -> -170.2
B43: Net Asset Value | F43: =F34+F42+F40 -> 680.8
B44: Shares Outstanding | F44: 33.5
B45: Per Share Value | F45: =F43/F44 -> 20.322388
B47: LSXMA (Liberty SiriusXM Group)
B49: SIRI Shares Owned | F49: 3162.2
B50: Assumed Price (current) | F50: =Summary!G7 -> 4.24
B51: Equity Value | F51: =F49*F50 -> 13407.728
B52: Add: Cash | F52: 50
B53: Less: Margin Loans | F53: -250
B54: Net Asset Value | F54: =F51+F52+F53 -> 13207.728
B55: Shares Outstanding | F55: 341
B56: Per Share Value | F56: =F54/F55 -> 38.73234
B58: LSXMA Price | F58: 33.42
B59: Discount | F59: =F58/F56-1 -> -0.13715516
B62: Bridge to Consensus | C62: LMCA | D62: BATRA | E62: LSXMA | F62: Notes:
B63: B: | C63: 21.72 | D63: 32.26 | E63: 35.45 | F63: BATRA: buck incl. MLBAM
B64: M: | C64: 19 | D64: 18.03 | E64: 35 | F64: LMCA: MS incl. overhead
B65: Model: | C65: =F24 -> 23.142606 | D65: =F45 -> 20.322388 | E65: =F56 -> 38.73234

Sheet LTV
F4: SIRI: Used Car Conversion | G4: 2015E | H4: 2016E | I4: 2017E | J4: 2018E | K4: 2019E | L4: 2020E
F5: Base | G5: 0.31 | H5: 0.29 | I5: 0.275 | J5: 0.265 | K5: 0.255 | L5: 0.253725
F6: Bull | G6: 0.32 | H6: 0.32 | I6: 0.32 | J6: 0.31 | K6: 0.30853805 | L6: 0.30708341
G9: 2015E | H9: 2016E | I9: 2017E | J9: 2018E | K9: 2019E | L9: 2020E
E11: Base | F11: Revenues | G11: 4530.9313 | H11: 4838.7578 | I11: 5214.8856 | J11: 5501.6153 | K11: 5801.8758 | L11: 6111.7463
E12: Bull | F12: Revenues | G12: 4532.4648 | H12: 4856.3771 | I12: 5263.0099 | J12: 5585.9432 | K12: 5928.3713 | L12: 6284.3734
F13: % difference | G13: =G12/G11-1 -> 0.00033846939 | H13: =H12/H11-1 -> 0.0036412864 | I13: =I12/I11-1 -> 0.0092282576 | J13: =J12/J11-1 -> 0.015327844 | K13: =K12/K11-1 -> 0.021802524 | L13: =L12/L11-1 -> 0.028245132
E15: Base | F15: EBITDA | G15: 1469.1382 | H15: 1643.806 | I15: 1836.6633 | J15: 1993.47 | K15: 2164.4172 | L15: 2342.1364
E16: Bull | F16: EBITDA | G16: 1469.9962 | H16: 1654.5679 | I16: 1866.228 | J16: 2045.9062 | K16: 2243.3473 | L16: 2450.5
F17: % difference | G17: =G16/G15-1 -> 0.00058402449 | H17: =H16/H15-1 -> 0.0065469553 | I17: =I16/I15-1 -> 0.016096984 | J17: =J16/J15-1 -> 0.026303975 | K17: =K16/K15-1 -> 0.036467112 | L17: =L16/L15-1 -> 0.046266978
E19: Base | F19: Net Income | G19: 448.98173 | H19: 576.31498 | I19: 668.51237 | J19: 730.3741 | K19: 799.49646 | L19: 869.35936
E20: Bull | F20: Net Income | G20: 449.53347 | H20: 583.11283 | I20: 687.67948 | J20: 765.28539 | K20: 852.7862 | L20: 942.32074
F21: % difference | G21: =G20/G19-1 -> 0.0012288683 | H21: =H20/H19-1 -> 0.011795364 | I21: =I20/I19-1 -> 0.028671287 | J21: =J20/J19-1 -> 0.047799186 | K21: =K20/K19-1 -> 0.06665413 | L21: =L20/L19-1 -> 0.083925445
E23: Base | F23: EPS | G23: 0.078724599 | H23: 0.11429799 | I23: 0.15166784 | J23: 0.1899339 | K23: 0.2365553 | L23: 0.10961916
E24: Bull | F24: EPS | G24: 0.078826115 | H24: 0.11569319 | I24: 0.15610905 | J24: 0.19911039 | K24: 0.24238853 | L24: 0.11
F25: % difference | G25: =G24/G23-1 -> 0.0012895087 | H25: =H24/H23-1 -> 0.012206647 | I25: =I24/I23-1 -> 0.029282453 | J25: =J24/J23-1 -> 0.048314176 | K25: =K24/K23-1 -> 0.024659045 | L25: =L24/L23-1 -> 0.0034742299 | N25: SIRI - Customer LTV Analysis
N26: Method 1:
E27: Base | F27: FCF | G27: 1130.4515 | H27: 1232.5199 | I27: 1325.1726 | J27: 1383.2755 | K27: 1505.8748 | L27: 1085.4022
E28: Bull | F28: FCF | G28: 1131.8257 | H28: 1249.6078 | I28: 1367.5964 | J28: 1453.1468 | K28: 1573.9001 | L28: 1129.1277 | N28: Normalized Capex: $150m
F29: % difference | G29: =G28/G27-1 -> 0.0012156271 | H29: =H28/H27-1 -> 0.013864262 | I29: =I28/I27-1 -> 0.032013771 | J29: =J28/J27-1 -> 0.050511421 | K29: =K28/K27-1 -> 0.045173274 | L29: =L28/L27-1 -> 0.040285034 | N29: 2014 Revenues: 4,188m
N30: 2014 Gross Adds: 10,080m
N31: 2014 Self-Pay Subscribers: 22,522m
N32: 2014 ARPU: $12.50
R34: 2014 | S34: =R34+1 -> 2015 | T34: =S34+1 -> 2016 | U34: =T34+1 -> 2017 | V34: =U34+1 -> 2018 | W34: =V34+1 -> 2019 | X34: =W34+1 -> 2020
N35: Annualized ARPU (grows 2% y/y) | R35: =12.5*12 -> 150 | S35: =R35*1.02 -> 153 | T35: =S35*1.02 -> 156.06 | U35: =T35*1.02 -> 159.1812 | V35: =U35*1.02 -> 162.36482 | W35: =V35*1.02 -> 165.61212 | X35: =W35*1.02 -> 168.92436
N36: Subscriber Acquisition Cost** (2014) | R36: 42
N37: Royalties/User | R37: =(4188*0.1)/23000 -> 0.018208696 | S37: =R37 -> 0.018208696 | T37: =S37 -> 0.018208696 | U37: =T37 -> 0.018208696 | V37: =U37 -> 0.018208696 | W37: =V37 -> 0.018208696 | X37: =W37 -> 0.018208696
N38: Equipment | R38: 0.05 | S38: 0.05 | T38: 0.05 | U38: 0.05 | V38: 0.05 | W38: 0.05 | X38: 0.05
N39: Cost of Revenue / User | R39: 0.32 | S39: 0.32 | T39: 0.32 | U39: 0.32 | V39: 0.32 | W39: 0.32 | X39: 0.32
N40: Other Fixed Overhead | R40: 0.03 | S40: 0.03 | T40: 0.03 | U40: 0.03 | V40: 0.03 | W40: 0.03 | X40: 0.03
N41: Capex / User | R41: =150/10080 -> 0.014880952 | S41: =150/10080 -> 0.014880952 | T41: =150/10080 -> 0.014880952 | U41: =150/10080 -> 0.014880952 | V41: =150/10080 -> 0.014880952 | W41: =150/10080 -> 0.014880952 | X41: =150/10080 -> 0.014880952
N42: FCF / User | R42: =R35-SUM(R36:R41) -> 107.56691 | S42: =S35-SUM(S36:S41) -> 152.56691 | T42: =T35-SUM(T36:T41) -> 155.62691 | U42: =U35-SUM(U36:U41) -> 158.74811 | V42: =V35-SUM(V36:V41) -> 161.93173 | W42: =W35-SUM(W36:W41) -> 165.17903 | X42: =X35-SUM(X36:X41) -> 168.49127
P44: Cumulative: | Q44: =SUM(R42:X42) -> 1070.1109
P45: FY2020 Subs (m) | Q45: 40000 | S45: Current EV: | U45: =Summary!G13 -> 26565.522
P46: EV | Q46: =(Q45*Q44)/1000 -> 42804.435 | S46: "LTV" EV: | U46: =Q47 -> 26578.187
P47: Discounted (10%) | Q47: =Q46/((1.1)^5) -> 26578.187 | S47: Difference: | U47: =U45/U46-1 -> -0.00047649049
N51: Method 2:
R53: 2014 | S53: =R53+1 -> 2015 | T53: =S53+1 -> 2016 | U53: =T53+1 -> 2017 | V53: =U53+1 -> 2018 | W53: =V53+1 -> 2019 | X53: =W53+1 -> 2020
N54: Annualized ARPU (grows 2% y/y) | R54: =12.5*12 -> 150 | S54: =R54*1.02 -> 153 | T54: =S54*1.02 -> 156.06 | U54: =T54*1.02 -> 159.1812 | V54: =U54*1.02 -> 162.36482 | W54: =V54*1.02 -> 165.61212 | X54: =W54*1.02 -> 168.92436
N55: Gross Margin % | R55: 0.595 | S55: =R55+0.0025 -> 0.5975 | T55: =S55+0.0025 -> 0.6 | U55: =T55+0.0025 -> 0.6025 | V55: =U55+0.0025 -> 0.605 | W55: =V55+0.0025 -> 0.6075 | X55: =W55+0.0025 -> 0.61
N56: Churn | R56: 0.018 | S56: =R56 -> 0.018 | T56: =S56 -> 0.018 | U56: =T56 -> 0.018 | V56: =U56 -> 0.018 | W56: =V56 -> 0.018 | X56: =W56 -> 0.018
N57: Discount Rate | R57: 0.1 | S57: 0.1 | T57: 0.1 | U57: 0.1 | V57: 0.1 | W57: 0.1 | X57: 0.1
N58: LTV | R58: =(R54*R55)/(R56+R57) -> 756.35593 | S58: =(S54*S55)/(S56+S57) -> 774.72458 | T58: =(T54*T55)/(T56+T57) -> 793.52542 | U58: =(U54*U55)/(U56+U57) -> 812.76842 | V58: =(V54*V55)/(V56+V57) -> 832.46372 | W58: =(W54*W55)/(W56+W57) -> 852.62172 | X58: =(X54*X55)/(X56+X57) -> 873.25306
N60: Enterprise Value (growing at 5%) | R60: =U45 -> 26565.522 | S60: =R60*1.05 -> 27893.798 | T60: =S60*1.05 -> 29288.488 | U60: =T60*1.05 -> 30752.913 | V60: =U60*1.05 -> 32290.558 | W60: =V60*1.05 -> 33905.086 | X60: =W60*1.05 -> 35600.341
P62: 2020 LTV | Q62: 873.25
P63: FY2020 Subs (m) | Q63: 40000
P64: EV | Q64: =(Q63*Q62)/1000 -> 34930
P65: Implied EV Growth Rate | Q65: 0.05
P66: 2020 EV | Q66: =X60 -> 35600.341
P67: Difference | Q67: =Q66/Q64-1 -> 0.01919097

Sheet Drivers
B2: SIRI
B3: Drivers + Unit Economics
C4: Scenario Toggle: | E4: 1 | G4: (1 = base | 2 = bull | 3 = bear)
E6: 2016E | F6: 2017E | G6: 2018E | H6: 2019E | I6: 2020E
B8: U.S. Auto Sales | C8: =E4 -> 1 | E8: =CHOOSE($C$8,E10,E11,E12) -> 17750 | F8: =CHOOSE($C$8,F10,F11,F12) -> 17750 | G8: =CHOOSE($C$8,G10,G11,G12) -> 17750 | H8: =CHOOSE($C$8,H10,H11,H12) -> 17750 | I8: =CHOOSE($C$8,I10,I11,I12) -> 17750
B10: 1. Base | E10: 17750 | F10: =E10 -> 17750 | G10: =F10 -> 17750 | H10: =G10 -> 17750 | I10: =H10 -> 17750
B11: 2. Bull | E11: 18000 | F11: =E11 -> 18000 | G11: 18000 | H11: 18000 | I11: 18000 | N11: =LTV!P52/(0.018+0.07) -> 0
B12: 3. Bear | E12: =E10-500 -> 17250 | F12: =F10-500 -> 17250 | G12: =G10-500 -> 17250 | H12: =H10-500 -> 17250 | I12: =I10-500 -> 17250 | N12: =(150*0.6) -> 90 | O12: 0.118
B14: New OEM Conversion Rate | C14: =C8 -> 1 | E14: =CHOOSE($C$14,E16,E17,E18) -> 0.4 | F14: =CHOOSE($C$14,F16,F17,F18) -> 0.39 | G14: =CHOOSE($C$14,G16,G17,G18) -> 0.38 | H14: =CHOOSE($C$14,H16,H17,H18) -> 0.37 | I14: =CHOOSE($C$14,I16,I17,I18) -> 0.36
B16: 1. Base | E16: 0.4 | F16: =E16-0.01 -> 0.39 | G16: =F16-0.01 -> 0.38 | H16: =G16-0.01 -> 0.37 | I16: =H16-0.01 -> 0.36
B17: 2. Bull | E17: 0.42 | F17: =E17-0.01 -> 0.41 | G17: =F17-0.01 -> 0.4 | H17: =G17-0.01 -> 0.39 | I17: =H17-0.01 -> 0.38
B18: 3. Bear | E18: 0.37 | F18: =E18-0.01 -> 0.36 | G18: =F18-0.01 -> 0.35 | H18: =G18-0.01 -> 0.34 | I18: =H18-0.01 -> 0.33
B20: Used Conversion Rate | C20: =C14 -> 1 | E20: =CHOOSE($C$20,E22,E23,E24) -> 0.32 | F20: =CHOOSE($C$20,F22,F23,F24) -> 0.31 | G20: =CHOOSE($C$20,G22,G23,G24) -> 0.3 | H20: =CHOOSE($C$20,H22,H23,H24) -> 0.29 | I20: =CHOOSE($C$20,I22,I23,I24) -> 0.28
B22: 1. Base | E22: 0.32 | F22: 0.31 | G22: 0.3 | H22: 0.29 | I22: 0.28
B23: 2. Bull | E23: 0.33 | F23: =E23-0.005 -> 0.325 | G23: =F23-0.005 -> 0.32 | H23: =G23-0.005 -> 0.315 | I23: =H23-0.005 -> 0.31
B24: 3. Bear | E24: 0.3 | F24: =E24-0.02 -> 0.28 | G24: 0.27 | H24: 0.26 | I24: 0.25
B26: Self-Pay Monthly Churn | C26: =C20 -> 1 | E26: =CHOOSE($C$26,E28,E29,E30) -> 0.018 | F26: =CHOOSE($C$26,F28,F29,F30) -> 0.018 | G26: =CHOOSE($C$26,G28,G29,G30) -> 0.018 | H26: =CHOOSE($C$26,H28,H29,H30) -> 0.018 | I26: =CHOOSE($C$26,I28,I29,I30) -> 0.018
B28: 1. Base | E28: 0.018 | F28: 0.018 | G28: 0.018 | H28: 0.018 | I28: 0.018
B29: 2. Bull | E29: 0.017 | F29: 0.017 | G29: 0.017 | H29: 0.017 | I29: 0.017
B30: 3. Bear | E30: 0.021 | F30: 0.021 | G30: 0.021 | H30: 0.021 | I30: 0.021
B32: Used Monthly Churn | C32: =C26 -> 1 | E32: =CHOOSE($C$32,E34,E35,E36) -> 0.014 | F32: =CHOOSE($C$32,F34,F35,F36) -> 0.015 | G32: =CHOOSE($C$32,G34,G35,G36) -> 0.016 | H32: =CHOOSE($C$32,H34,H35,H36) -> 0.017 | I32: =CHOOSE($C$32,I34,I35,I36) -> 0.018
B34: 1. Base | E34: 0.014 | F34: =E34+0.001 -> 0.015 | G34: =F34+0.001 -> 0.016 | H34: =G34+0.001 -> 0.017 | I34: =H34+0.001 -> 0.018
B35: 2. Bull | E35: 0.0125 | F35: 0.013 | G35: =F35+0.0005 -> 0.0135 | H35: =G35+0.0005 -> 0.014 | I35: =H35+0.0005 -> 0.0145
B36: 3. Bear | E36: 0.015 | F36: =E36+0.0015 -> 0.0165 | G36: =F36+0.0015 -> 0.018 | H36: =G36+0.0015 -> 0.0195 | I36: =H36+0.0015 -> 0.021
B38: ARPU | C38: =C32 -> 1 | E38: =CHOOSE($C$38,E40,E41,E42) -> 12.7 | F38: =CHOOSE($C$38,F40,F41,F42) -> 12.9 | G38: =CHOOSE($C$38,G40,G41,G42) -> 13.05 | H38: =CHOOSE($C$38,H40,H41,H42) -> 13.15 | I38: =CHOOSE($C$38,I40,I41,I42) -> 13.25 | O38: Customer Economics
O39: Annualized ARPU
B40: 1. Base | E40: 12.7 | F40: 12.9 | G40: 13.05 | H40: 13.15 | I40: 13.25 | O40: Fixed Costs
B41: 2. Bull | E41: 12.8 | F41: 13 | G41: 13.1 | H41: =G41*1.015 -> 13.2965 | I41: =H41*1.015 -> 13.495947 | O41: Customer Service + Billing per Subscriber
B42: 3. Bear | E42: 12.4 | F42: 12.55 | G42: 12.75 | H42: 12.85 | I42: 13 | O42: SAC per Installation
B44: SAC | C44: =C38 -> 1 | E44: =CHOOSE($C$44,E46,E47,E48) -> 33 | F44: =CHOOSE($C$44,F46,F47,F48) -> 32 | G44: =CHOOSE($C$44,G46,G47,G48) -> 31 | H44: =CHOOSE($C$44,H46,H47,H48) -> 30 | I44: =CHOOSE($C$44,I46,I47,I48) -> 29 | P44: REV SHARE?
P45: Royalty Rate | X45: 0.095 | Y45: 0.1 | Z45: 0.1 | AA45: 0.1 | AB45: 0.1 | AC45: 0.1 | AD45: 0.105 | AE45: =AD45+0.005 -> 0.11 | AF45: =AE45+0.005 -> 0.115 | AG45: =AF45+0.005 -> 0.12 | AH45: =AG45+0.005 -> 0.125
B46: 1. Base | E46: 33 | F46: =E46-1 -> 32 | G46: =F46-1 -> 31 | H46: =G46-1 -> 30 | I46: =H46-1 -> 29
B47: 2. Bull | E47: 31 | F47: 30 | G47: =F47-1 -> 29 | H47: =G47-1 -> 28 | I47: =H47-1 -> 27
B48: 3. Bear | E48: 35 | F48: =E48-0.25 -> 34.75 | G48: =F48-0.25 -> 34.5 | H48: =G48-0.25 -> 34.25 | I48: =H48-0.25 -> 34
B50: Royalty / Rev Share Growth | C50: =C44 -> 1 | E50: =CHOOSE($C$50,E52,E53,E54) -> 0.1 | F50: =CHOOSE($C$50,F52,F53,F54) -> 0.1 | G50: =CHOOSE($C$50,G52,G53,G54) -> 0.1 | H50: =CHOOSE($C$50,H52,H53,H54) -> 0.1 | I50: =CHOOSE($C$50,I52,I53,I54) -> 0.1
B52: 1. Base | E52: 0.1 | F52: 0.1 | G52: 0.1 | H52: 0.1 | I52: 0.1
B53: 2. Bull | E53: 0.07 | F53: 0.07 | G53: 0.07 | H53: 0.07 | I53: 0.07
B54: 3. Bear | E54: 0.12 | F54: 0.12 | G54: 0.12 | H54: 0.12 | I54: 0.12
B56: Share Count | C56: =C44 -> 1 | E56: =CHOOSE($C$56,E58,E59,E60) -> 4900 | F56: =CHOOSE($C$56,F58,F59,F60) -> 4400 | G56: =CHOOSE($C$56,G58,G59,G60) -> 3900 | H56: =CHOOSE($C$56,H58,H59,H60) -> 3400 | I56: =CHOOSE($C$56,I58,I59,I60) -> 2900
B58: 1. Base | E58: 4900 | F58: =E58-500 -> 4400 | G58: =F58-500 -> 3900 | H58: =G58-500 -> 3400 | I58: =H58-500 -> 2900
B59: 2. Bull | E59: 4700 | F59: =E59-500 -> 4200 | G59: =F59-500 -> 3700 | H59: =G59-500 -> 3200 | I59: =H59-500 -> 2700
B60: 3. Bear | E60: 5100 | F60: =E60-250 -> 4850 | G60: =F60-250 -> 4600 | H60: =G60-250 -> 4350 | I60: =H60-250 -> 4100
B143: CFO
B148: CFI
B159: CFF
